Workbook
Name BudgetAss1: Budget!$C$4:$H$8
Name BudgetAss2: Budget!$C$10:$H$14
Name BudgetAss3: Budget!$C$16:$H$28
Name BudgetCont: Budget!$B$134:$G$134
Name BudgetFacs: Budget!$A$125:$H$131
Name BudgetInst: Budget!$A$77:$H$91
Name BudgetPers: Budget!$A$57:$H$74
Name BudgetRev1: Budget!$A$46:$A$53
Name BudgetRev2: Budget!$C$45:$G$45
Name BudgetRev3: Budget!$B$46:$G$53
Name BudgetSrvs1: Budget!$A$94:$H$120
Name BudgetSrvs2: Budget!#REF!
Name BudgetSrvs3: Budget!$A$121:$H$122
Name BudgetYrs: Budget!$B$1:$G$2
Name Cont: 'Cash Flow Proj Planning Yr'!#REF!
Name Cont: 'Cash Flow Projection Yr 2'!#REF!
Name Cont: 'Cash Flow Projection Yr 1'!#REF!
Name Facs: 'Cash Flow Proj Planning Yr'!$B$87:$M$93
Name Facs: 'Cash Flow Projection Yr 2'!$B$87:$M$93
Name Facs: 'Cash Flow Projection Yr 1'!$B$87:$M$93
Name Fin: 'Cash Flow Proj Planning Yr'!#REF!
Name Fin: 'Cash Flow Projection Yr 2'!#REF!
Name Fin: 'Cash Flow Projection Yr 1'!#REF!
Name Inst: 'Cash Flow Proj Planning Yr'!$B$39:$M$53
Name Inst: 'Cash Flow Projection Yr 2'!$B$39:$M$53
Name Inst: 'Cash Flow Projection Yr 1'!$B$39:$M$53
Name Pers: 'Cash Flow Proj Planning Yr'!$B$19:$M$36
Name Pers: 'Cash Flow Projection Yr 2'!$B$19:$M$36
Name Pers: 'Cash Flow Projection Yr 1'!$B$19:$M$36
Name Revs: 'Cash Flow Proj Planning Yr'!$B$7:$M$15
Name Revs: 'Cash Flow Projection Yr 2'!$B$7:$M$15
Name Revs: 'Cash Flow Projection Yr 1'!$B$7:$M$15
Name Servs: 'Cash Flow Proj Planning Yr'!$B$56:$M$84
Name Servs: 'Cash Flow Projection Yr 2'!$B$56:$M$84
Name Servs: 'Cash Flow Projection Yr 1'!$B$56:$M$84

Sheet Instructions
A1: CHARTER SCHOOL PETITION BUDGET TEMPLATE DIRECTIONS
A2: State Charter Schools Commission of Georgia – 2022 Petition Cycle
A4: Disclaimer
A5: The information presented in this Budget Template, including calculated revenue, is intended for educational purposes only. There is no guarantee or assurance that a school, if approved, will receive the calculated level of revenue. Petitioner accepts the risk that revenues will vary by school. Additionally, the SCSC cannot guarantee financial success based on any estimates or plans presented within the Budget Template. If approved, petitioners will need to base all budgetary decisions, including estimated revenue and expenditures, on their own due diligence.
A6: Overview
A7: Petitioners must use this template. Do not attempt to reproduce this template and submit a different version. This template is designed to assist charter school petitioners in presenting a financial plan for the proposed school’s charter term. The template relies heavily on embedded calculations based upon the data the user inputs on the Budget tab. Accordingly, it is crucial to ensure that the Budget tab is completed accurately. The cells containing percentages and totals will calculate automatically and cannot be edited.
A12: For a cleaner look the sheets are set up to reflect whole dollars. The Cash Flow spreadsheet verifies certain cells to ensure they match the totals in the Budget spreadsheet. The formulas should account for any rounding variances. The Notes column of the Budget tab are set to expand to allow sufficient space for your input.
A13: 1. Complete the Budget tab.
A14: Header Row
A15: · | B15: Enter your school name into cell A1. Your school name will copy over into
B16: the corresponding cells of the other tabs of the file.
A17: · | B17: Change the Fiscal Years in Row 1 to reflect the timeframe for which the school plans to operate. The template is currently set to utilize Fiscal Year 2023 as the Planning Year. If your school will have two planning years, begin your Budget tab data with Fiscal Year 2024--the last planning year. Change the remaining cells to display Fiscal Years 2025 through 2029 in the Budget tab header. The fiscal year updates will carry over to the other tabs in the file.
A22: · | B22: Choose from the dropdown menu in A2 whether you are completing your 100% budget or your 65% budget. The latter one to represent a budget for 65% of your enrollment projection. You need to submit a 100% budget AND a 65% budget.
A23: Assumptions Rows
A24: · | B24: Complete all inputtable Assumptions rows (Rows 5-28). The total students rows for B&M and Virtual are calculations and thus require no input. The description for these total rows are in bold.
A26: · | B26: Answer Yes or No from the dropdown box as to whether your school anticipates meeting the requirements for the State Nutrition Grant and the State Transportation Grant. Your answers in this section will populate the funding for these 2 categorical grants in the Revenue section.
A27: · | B27: This template requires the identification of the number of students by certain grade-bands and setting. The number of students entered must correspond to the school’s expected enrollment in the Executive Summary in its petition application. For Students in a Brick-and-Mortar Setting, Rows 10-14 must be used. For Students in a Virtual Setting, Rows 16-20 must be used. A school that uses both a brick-and-mortar and virtual settings should use the appropriate combination of spaces in Rows 10-20. Spaces may be left blank for schools that are not expected to enroll certain grades or certain settings.
B35: o | C35: Example 1 – A K-5 brick-and-mortar school that plans to enroll 50 students in each grade its first year. The school would enter “50” in cell C10 for students in Kindergarten, “150” in cell C11 for students in grades 1-3, and “100” in cell C12 for students in grades 4-5. Nothing would be entered into Cells C13, C14, C16, C17, C18, C19, C20.
B40: o | C40: Example 2 – A 6-12 charter school plans to utilize both brick-and-mortar and virtual settings with half of its students in each setting and 80 total students per grade in its first year. The school would enter “120” in Column D, Row 13 for students in grades 6-8 in brick-and-mortar setting, “160” in Column D, Row 14 for students in grades 9-12 in a brick-and-mortar setting, “120” in Column D, Row 20 for students in grades 6-8 in a virtual setting, and “160” in Column D, Row 21 for students in grades 9-12 in a virtual setting. Rows 10-12 and 17-19 would be left blank.
B48: o | C48: Be sure to input the student numbers into the correct section(s)--whether B&M or Virtual.
A49: · | B49: Please note that you are to input the Number of Full-Time Employees. If you have Part-Time Employees, do not sum your employee rows above. Please note the separate row for the Number of Certified Employees Eligible for T&E (Training & Experience) and HI (Health Insurance) Funding. The numbers in the two rows could be different.
A54: · | B54: Certain cells in the planning year are disabled as they would not be applicable to a school not in operation (such as number of students and teachers). However, we realize that you could have some administrative staff and possibly maintenance staff in the planning year. Also, the planning year is set up to allow input of expenses and funding from sources outside of the state.
A56: · | B56: Please provide comprehensive clarifications in the Notes column N. Clarifications could include information that a particular position is part-time (on the Number of Administrators line) or that only grade 4 is being planned for Yr 1 (on the Number of Students in Grade 4-5 line).
A58: Revenues Rows
A59: State Funding
A60: · | B60: The various components of state funding have been broken out on individual lines in the spreadsheet. This spreadsheet DOES NOT mirror the actual calculations that will be used to provide your state funding if approved. Rather, the spreadsheet is designed to provide a reasonable yet conservative estimate of your potential funding receipts. All lines calculate automatically based on your student counts , certified employee counts, and whether you indicated a transportational or nutrional program that would meet the standards for the state grants. The Nursing Services Grant (for the state mandated school nurse program) is given to all schools beginning with their 2nd year of operations.
A64: · | B64: For the QBE State Revenue section, the spreadsheet is using the FY 22 statewide weighted funding/FTE for each grade band and applying it to your entered student counts by grade band. No additional weight has been added into these conservative calculations for the impact of Exceptional Education classes.
A67: · | B67: This spreadsheet will take your Number of Certified Employees (eligible for T&E and HI funding) and apply an estimate of the FY22 statewide funding/certified employee of 20,542 to determine the T&E component.
A70: · | B70: The SCSC Supplement Funding lines in this spreadsheet do not consider the school's geographic location or attendance zone. The spreadsheet is applying an estimated FY 22 average funding per B&M (Brick-and-Mortar) School and an estimated FY 22 average funding per Virtual School. Therefore, the impact of your locating in a geographical location that would receive a higher Capital Funding amount isn't factored into this projection. As a reminder the SCSC Supplement is considered to include the Categorical Grants, Base Supplement, and Capital Funding reduced by the SCSC's administrative withhold or fee.
A72: · | B72: The SCSC Administrative Withhold is being calculated as 2% of the calculated state revenue subtotal. Please note that the Commission may withhold up to 3% of state charter school state revenue, but the Commission is committed to ensuring as much funding flows to the classroom as possible. The SCSC currently withholds less than 2% of state revenue from state charter schools, but that amount may vary in future years. Please note that only 1% is withheld in year 1.
A74: Other Funding
A75: · | B75: The Meal Fees line should be used for revenue generated through the school meals program, if any.
A77: · | B77: Donations
B78: o | C78: Utilize the available additional description lines as necessary. And provide information in the corresponding Notes column.
B80: o | C80: Only revenue that can be adequately assured should be included. It is not necessary for revenue to be received by the school to be included in the template; however, the school MUST submit written evidence to support that the revenue will be provided upon receipt of a charter contract.
A82: · | B82: Grants
B83: o | C83: Utilize the available additional description lines as necessary. And provide information in the corresponding Notes column.
B85: o | C85: Competitive grants, including the Federal Implementation Grant, should not be included UNLESS they have already been awarded to the school. Support must be provided with this application/budget to substantiate any grant revenue included in your budget.
A86: Federal Funds
A87: · | B87: No other federal funds, for which you don't have an award letter, should be included in your projected revenue.
A88: Expenses Rows
A89: · | B89: Utilize the identified expense items in each expense category as needed. There are blank rows in each section where for additional items as needed. You may also rename a line that isn't needed to an appropriate line needed within that category. These line descriptions will carry over to the Cash Flow Projection tabs.
A91: · | B91: All rows must be completed manually.
A92: · | B92: If no expense for a given item is expected, the associated cells may be left blank.
A94: · | B94: When appropriate, utilize the Notes column to explain each expense. Generally more detail is better than less detail. Expenses that are not explained in the Notes Column will be compared to market rates.
A96: · | B96: Membership in TRS will be required for your charter school teachers. Thus, you need to incorporate this expense into your budget in the Retirement Expense line. The FY23 contribution rate is 19.98%. Recent years' rates have been in this range.
A97: · | B97: These Expense Lines are presented as a percentage of Total Expenses in Rows 151 - 230 at the bottom of the Budget tab.
A98: · | B98: Rows 142 - 146 provide a calculation of 65% for key components of your 100% budget. This may assist you in comparing your 100% budget to your 65% budget. Disregard these rows when completing the 65%budget.
A99: Contingency Fund (Additions to the fund and transfers out)
A100: · | B100: Input a positive number in these lines to reflect a reserve of funds that the school anticipates to set aside--funds the school will not need to pull from over the charter term (years 1-5). Or a transfer out of the contingency fund to be used for operational needs.
A102: · | B102: Enter the amount only for the individual year. Do not utilize a rolling balance.
A103: · | B103: You must enter a POSITIVE whole dollar amount. The schedule will deduct or add the line to come up with the Surplus (Deficit) line below.
A104: Surplus (Deficit)
A105: · | B105: The spreadsheet will calculate the surplus or (deficit) amount. This amount represents the revenues less expenses, less any funds set aside in a contingency fund, plus any funds pulled from the contingency fund. These net funds carry over to the Operating Cash Balances section of the Cash Balances tab.
A106: · | B106: If you began the planning year with a cash balance, input that amount into the 1st cell in the Operating Cash schedule on the Cash Balances tab. Those funds will be included in your cash activity.
A107: · | B107: By law, no school district, including state charter schools, may end a year in a deficit. Contingency funds may be utilized to offset annual deficits, but the use of contingency funds should be minimized.
A108: 2. Review the Cash Balances tab.
A109: · | B109: If you began the planning year with a cash balance, input that amount into the 1st cell in the Operating Cash schedule on the Cash Balances tab. Those funds will be included in your cash activity.
A110: · | B110: The Cash Balances tab will automatically calculate the school’s cash balances utilizing data inputted into the Budget tab.
A111: · | B111: The ending cash balance for the preceding year will carry forward to the beginning cash balance of the next year.
A112: · | B112: Operating, contingency and total cash balances are presented.
A113: · | B113: The ending cash balance MUST be positive for each year. The goal is to have a positive operating cash balance for each year. [See the last bullet under the Surplus (Deficit) section above.]
A114: · | B114: The ending balance for each cash account are set up to highlight in red if your balance is less than zero. This will happen on the Cash Flow Projection tabs, too, so you should be able to spot any problems in your cash flow projections.
A115: 3. Complete the Cash Flow Projection tabs.
A116: · | B116: Complete all 3 Cash Flow Projection tabs--the Planning Yr, Yr 1 and Yr 2.
A117: · | B117: The Cash Flow Projection tabs will provide petitioners and reviewers a picture of monthly cash inflows and outflows.
A119: · | B119: State revenue funding will populate across the months. You will need to input any other revenue sources (Meal Fees, Donations, Grants) in the appropriate months to reflect when funds will be received.
A120: · | B120: You will need to allocate your expenses across the months based on when the expense will be paid out. Don't allocate all expenses evenly across the 12 months. Consider when items such as insurances, staff development trainings, etc. will be paid.
A122: · | B122: You will need to input the monthly spread of any transfers from the Contingency Fund. Enter positive whole dollar amounts in the cells. The total of this row should match the amount you entered for this line on the Budget tab.
A123: · | B123: There is a check column on the right of the Cash Flow Projection tabs. This allows you to see if your inputted monthly spread equals the annual revenue or expense budget and the transfers from the contingency fund you entered into the Budget tab. The check function should allow for a rounding variance of + or - 1.

Sheet Budget
A1: Liberty Leadership Academy | B1: FY2023 | C1: FY2024 | D1: FY2025 | E1: FY2026 | F1: FY2027 | G1: FY2028 | H1: Notes
A2: 100% Budget | B2: Planning Year | C2: Year 1 | D2: Year 2 | E2: Year 3 | F2: Year 4 | G2: Year 5
A3: Assumptions
A4: Square Footage of Facility | C4: =C13*80 -> 8640 | D4: =D13*80 -> 17280 | E4: =E13*80 -> 25920 | F4: =F13*80 -> 25920 | G4: =G13*80 -> 25920 | H4: 80 sq ft per student
A5: Student-Teacher Ratio | C5: 27-1 | D5: 27-1 | E5: 27-1 | F5: 27-1 | G5: 27-1 | H5: Max student-teacher ratio is 27:1;
A6: Average Teacher Salary | C6: 55000 | D6: =55000*1.03 -> 56650 | E6: =D6*1.03 -> 58349.5 | F6: =E6*1.03 -> 60099.985 | G6: =F6*1.03 -> 61902.985
A7: Will you offer a Nutritional program that meets State Grant Guidelines? | C7: Yes | D7: Yes | E7: Yes | F7: Yes | G7: Yes
A8: Will you offer a Transportation program that meets State Grant Guidelines? | C8: Yes | D8: Yes | E8: Yes | F8: Yes | G8: Yes
A9: Students in a Brick-and-Mortar Setting-total | C9: =SUM(C10:C14) -> 108 | D9: =SUM(D10:D14) -> 216 | E9: =SUM(E10:E14) -> 324 | F9: =SUM(F10:F14) -> 324 | G9: =SUM(G10:G14) -> 324
A10: Number of Students in Kindergarten | C10: 0 | D10: 0 | E10: 0 | F10: 0 | G10: 0
A11: Number of Students in Grades 1-3 | C11: 0 | D11: 0 | E11: 0 | F11: 0 | G11: 0
A12: Number of Students in Grades 4-5 | C12: 0 | D12: 0 | E12: 0 | F12: 0 | G12: 0
A13: Number of Students in Grades 6-8 | C13: 108 | D13: 216 | E13: 324 | F13: 324 | G13: 324
A14: Number of Students in Grades 9-12 | C14: 0
A15: Students in a Virtual Setting-total | C15: =SUM(C16:C20) -> 0 | D15: =SUM(D16:D20) -> 0 | E15: =SUM(E16:E20) -> 0 | F15: =SUM(F16:F20) -> 0 | G15: =SUM(G16:G20) -> 0
A16: Number of Students in Kindergarten (Virtual) | C16: 0 | D16: 0 | E16: 0 | F16: 0 | G16: 0
A17: Number of Students in Grades 1-3 (Virtual) | C17: 0 | D17: 0 | E17: 0 | F17: 0 | G17: 0
A18: Number of Students in Grades 4-5 (Virtual) | C18: 0 | D18: 0 | E18: 0 | F18: 0 | G18: 0
A19: Number of Students in Grades 6-8 (Virtual) | C19: 0 | D19: 0 | E19: 0 | F19: 0 | G19: 0
A20: Number of Students in Grades 9-12 (Virtual) | C20: 0 | D20: 0 | E20: 0 | F20: 0 | G20: 0
A21: Number of Administrators | C21: 1.5 | D21: 1.5 | E21: 3 | F21: 3 | G21: 3
A22: Number of Teachers | C22: 6 | D22: 10.5 | E22: 15 | F22: 15 | G22: 15
A23: Number of Other Instructional Staff | C23: 0 | D23: 0 | E23: 1 | F23: 1 | G23: 1
A24: Number of Clerical Staff | C24: 1.5 | D24: 2 | E24: 2 | F24: 2 | G24: 2
A25: Number of Maintenance Staff | C25: 0 | D25: 0 | E25: 0 | F25: 0 | G25: 0
A26: Number of Food Service Staff | C26: 0 | D26: 0 | E26: 0 | F26: 0 | G26: 0
A27: Number of Full-Time Employees | C27: 9 | D27: 13 | E27: 20 | F27: 20 | G27: 20
A28: Number of Certified Employees (eligible for T&E and HI funding) | C28: 7 | D28: 9 | E28: 18 | F28: 18 | G28: 18 | M28: Additional Information on Revenue Calculations
A29: Revenues | M29: Type of Funding | N29: Calculation | O29: Notes
A30: Funding for QBE | C30: =ROUND((C10+C16)*'Formula Ref & Validation Data'!$B$14+(C11+C17)*'Formula Ref & Validation Data'!$B$15+(C18+C12)*'Formula Ref & Validation Data'!$B$16+(C13+C19)*'Formula Ref & Validation Data'!$B$17+(C14+C20)*'Formula Ref & Validation Data'!$B$18,0) -> 342802 | D30: =ROUND((D10+D16)*'Formula Ref & Validation Data'!$B$14+(D11+D17)*'Formula Ref & Validation Data'!$B$15+(D18+D12)*'Formula Ref & Validation Data'!$B$16+(D13+D19)*'Formula Ref & Validation Data'!$B$17+(D14+D20)*'Formula Ref & Validation Data'!$B$18,0) -> 685603 | E30: =ROUND((E10+E16)*'Formula Ref & Validation Data'!$B$14+(E11+E17)*'Formula Ref & Validation Data'!$B$15+(E18+E12)*'Formula Ref & Validation Data'!$B$16+(E13+E19)*'Formula Ref & Validation Data'!$B$17+(E14+E20)*'Formula Ref & Validation Data'!$B$18,0) -> 1028405 | F30: =ROUND((F10+F16)*'Formula Ref & Validation Data'!$B$14+(F11+F17)*'Formula Ref & Validation Data'!$B$15+(F18+F12)*'Formula Ref & Validation Data'!$B$16+(F13+F19)*'Formula Ref & Validation Data'!$B$17+(F14+F20)*'Formula Ref & Validation Data'!$B$18,0) -> 1028405 | G30: =ROUND((G10+G16)*'Formula Ref & Validation Data'!$B$14+(G11+G17)*'Formula Ref & Validation Data'!$B$15+(G18+G12)*'Formula Ref & Validation Data'!$B$16+(G13+G19)*'Formula Ref & Validation Data'!$B$17+(G14+G20)*'Formula Ref & Validation Data'!$B$18,0) -> 1028405 | M30: QBE | N30: Avg funding/FTE x Number of Students | O30: excludes T&E and HI
A31: Funding for Training & Experience (T&E) | C31: =ROUND(C28*'Formula Ref & Validation Data'!$B$21,0) -> 143794 | D31: =ROUND(D28*'Formula Ref & Validation Data'!$B$21,0) -> 184878 | E31: =ROUND(E28*'Formula Ref & Validation Data'!$B$21,0) -> 369756 | F31: =ROUND(F28*'Formula Ref & Validation Data'!$B$21,0) -> 369756 | G31: =ROUND(G28*'Formula Ref & Validation Data'!$B$21,0) -> 369756 | M31: T&E | N31: FY22 initial allotment sheet T&E state funding per Certified Employee x Number of Certified Employees
A32: Funding for Health Insurance (HI) | C32: =ROUND(C28*'Formula Ref & Validation Data'!$B$22,0) -> 79380 | D32: =ROUND(D28*'Formula Ref & Validation Data'!$B$22,0) -> 102060 | E32: =ROUND(E28*'Formula Ref & Validation Data'!$B$22,0) -> 204120 | F32: =ROUND(F28*'Formula Ref & Validation Data'!$B$22,0) -> 204120 | G32: =ROUND(G28*'Formula Ref & Validation Data'!$B$22,0) -> 204120 | M32: HI | N32: 945/mo or 11,340/yr x Number of Certified Employees
A33: Local Five Mills Share (LFMS) | C33: =ROUND((C15+C9)*'Formula Ref & Validation Data'!$B$23,0) -> -136404 | D33: =ROUND((D15+D9)*'Formula Ref & Validation Data'!$B$23,0) -> -272808 | E33: =ROUND((E15+E9)*'Formula Ref & Validation Data'!$B$23,0) -> -409212 | F33: =ROUND((F15+F9)*'Formula Ref & Validation Data'!$B$23,0) -> -409212 | G33: =ROUND((G15+G9)*'Formula Ref & Validation Data'!$B$23,0) -> -409212 | M33: LFMS | N33: FY22 initial allotment sheet state avg of -1263/FTE x Number of Students
A34: QBE State Revenue Subtotal | C34: =ROUND(SUM(C30:C33),0) -> 429572 | D34: =ROUND(SUM(D30:D33),0) -> 699733 | E34: =ROUND(SUM(E30:E33),0) -> 1193069 | F34: =ROUND(SUM(F30:F33),0) -> 1193069 | G34: =ROUND(SUM(G30:G33),0) -> 1193069
A35: Austerity | C35: =ROUND(C34*-'Formula Ref & Validation Data'!$B$24,0) -> -18171 | D35: =ROUND(D34*-'Formula Ref & Validation Data'!$B$32,0) -> -20992 | E35: =ROUND(E34*-'Formula Ref & Validation Data'!$B$33,0) -> -23861 | F35: =ROUND(F34*-'Formula Ref & Validation Data'!$B$34,0) -> -11931 | G35: =ROUND(G34*-'Formula Ref & Validation Data'!$B$35,0) -> 0 | M35: Austerity | N35: FY24: 4.23%, FY25: 3%, FY26: 2%, FY27: 1%, FY28: 0% | O35: Rates applied to QBE State Rev Subtotal
A36: Nursing Services Grant | C36: 0 | D36: =IF((D15+D9)>0,20000,0) -> 20000 | E36: =IF((E15+E9)>0,20000,0) -> 20000 | F36: =IF((F15+F9)>0,20000,0) -> 20000 | G36: =IF((G15+G9)>0,20000,0) -> 20000 | M36: Nursing | N36: $20,000/year | O36: Categorical Grant - Begins in Year 2
A37: State Nutritional Grant | C37: =IF(C7="Yes",ROUND((C9*14),0),0) -> 1512 | D37: =IF(D7="Yes",ROUND((D9*14),0),0) -> 3024 | E37: =IF(E7="Yes",ROUND((E9*14),0),0) -> 4536 | F37: =IF(F7="Yes",ROUND((F9*14),0),0) -> 4536 | G37: =IF(G7="Yes",ROUND((G9*14),0),0) -> 4536 | M37: Nutrition | N37: $14.00/student | O37: Categorical Grant - Begins in Year 1
A38: State Transportation Grant | C38: =IF(C8="Yes",ROUND((C9*77),0),0) -> 8316 | D38: =IF(D8="Yes",ROUND((D9*77),0),0) -> 16632 | E38: =IF(E8="Yes",ROUND((E9*77),0),0) -> 24948 | F38: =IF(F8="Yes",ROUND((F9*77),0),0) -> 24948 | G38: =IF(G8="Yes",ROUND((G9*77),0),0) -> 24948 | M38: Transportation | N38: $77.00/student | O38: Categorical Grant - Begins in Year 1
A39: Funding for SCSC Supplement (Brick & Mortar) | C39: =ROUND(C9*'Formula Ref & Validation Data'!$B$25,0) -> 701568 | D39: =ROUND(D9*'Formula Ref & Validation Data'!$B$25,0) -> 1403136 | E39: =ROUND(E9*'Formula Ref & Validation Data'!$B$25,0) -> 2104704 | F39: =ROUND(F9*'Formula Ref & Validation Data'!$B$25,0) -> 2104704 | G39: =ROUND(G9*'Formula Ref & Validation Data'!$B$25,0) -> 2104704 | M39: SCSC B&M Supplement | N39: SCSC B&M Avg per FTE x Number of Students | O39: Excludes categorical grants
A40: Funding for SCSC Supplement (Virtual) | C40: =ROUND(C15*'Formula Ref & Validation Data'!$B$26,0) -> 0 | D40: =ROUND(D15*'Formula Ref & Validation Data'!$B$26,0) -> 0 | E40: =ROUND(E15*'Formula Ref & Validation Data'!$B$26,0) -> 0 | F40: =ROUND(F15*'Formula Ref & Validation Data'!$B$26,0) -> 0 | G40: =ROUND(G15*'Formula Ref & Validation Data'!$B$26,0) -> 0 | M40: SCSC Virtual Supplement | N40: SCSC Virtual Avg per FTE x Number of Students | O40: Excludes categorical grants
A41: Subtotal | C41: =ROUND(SUM(C34:C40),0) -> 1122797 | D41: =ROUND(SUM(D34:D40),0) -> 2121533 | E41: =ROUND(SUM(E34:E40),0) -> 3323396 | F41: =ROUND(SUM(F34:F40),0) -> 3335326 | G41: =ROUND(SUM(G34:G40),0) -> 3347257
A42: SCSC Admin Fee | C42: =ROUND(-C41*0.01,0) -> -11228 | D42: =ROUND(-D41*0.02,0) -> -42431 | E42: =ROUND(-E41*0.02,0) -> -66468 | F42: =ROUND(-F41*0.02,0) -> -66707 | G42: =ROUND(-G41*0.02,0) -> -66945 | M42: SCSC Admin Fee | N42: Row 41 Subtotal x .02 (or .01 Year 1)
A43: Total State Funding | C43: =ROUND(SUM(C41:C42),0) -> 1111569 | D43: =ROUND(SUM(D41:D42),0) -> 2079102 | E43: =ROUND(SUM(E41:E42),0) -> 3256928 | F43: =ROUND(SUM(F41:F42),0) -> 3268619 | G43: =ROUND(SUM(G41:G42),0) -> 3280312
A44: State Funding/Student | C44: =ROUND(C43/(C15+C9),0) -> 10292 | D44: =ROUND(D43/(D15+D9),0) -> 9625 | E44: =ROUND(E43/(E15+E9),0) -> 10052 | F44: =ROUND(F43/(F15+F9),0) -> 10088 | G44: =ROUND(G43/(G15+G9),0) -> 10124
A45: Meal Fees (Recd fr Students)
A47: Donations
A50: Grants | B50: 10000
A54: Total Revenues | B54: =ROUND(SUM(B45:B53)+B43,0) -> 10000 | C54: =ROUND(SUM(C45:C53)+C43,0) -> 1111569 | D54: =ROUND(SUM(D45:D53)+D43,0) -> 2079102 | E54: =ROUND(SUM(E45:E53)+E43,0) -> 3256928 | F54: =ROUND(SUM(F45:F53)+F43,0) -> 3268619 | G54: =ROUND(SUM(G45:G53)+G43,0) -> 3280312
A55: Expenses
A56: Personnel
A57: Principal | B57: 0 | C57: 87000 | D57: =C57*1.025 -> 89175 | E57: =D57*1.025 -> 91404.375 | F57: =E57*1.025 -> 93689.484 | G57: =F57*1.025 -> 96031.721 | H57: The principal will increase by 2.5% each year
A58: Other Administrators (Asst. Principal, Curriculum Director…) | B58: 0 | C58: 35000 | D58: =C58*1.03 -> 36050 | E58: =(D58*2)*1.03*2 -> 148526 | F58: =E58*1.03 -> 152981.78 | G58: =F58*1.03 -> 157571.23 | H58: Schools will share Director of Ops for the 1st two years so cost is split between 2 schools. Total is 70,000 for the 1st year.The salary will increase by 3% each year. In Year 3 a Direction of Student Experience/recruitement/retention and Direction of Instruction will be hired). Both will be a split position between both schools.
A59: Teachers | B59: 0 | C59: =4*55000 -> 220000 | D59: =8*55000*1.03 -> 453200 | E59: =12*55000*1.03 -> 679800 | F59: =12*55000*1.03 -> 679800 | G59: =12*55000*1.03 -> 679800 | H59: The average teacher salary starts at 55,000 and will increase by 3% each year
A60: Arts/PE/Connections Teachers | B60: 0 | C60: 47000 | D60: =C60*1.5*1.03 -> 72615 | E60: =48410*1.03*2 -> 99724.6 | F60: =E60*1.03 -> 102716.34 | G60: =F60*1.03 -> 105797.83 | H60: Entreprenuership teacher
A61: Athletics/Extracurricular Coaches | B61: 0 | C61: 0 | D61: 0 | E61: 0 | F61: 0 | G61: 0 | H61: The goal to is to ultimately apply for funding or solicit resources to develop an athletics program.
A62: Guidance Counselors | B62: 0 | C62: 0 | D62: 0 | E62: 0 | F62: 0 | G62: 0 | H62: The goal to is to ultimately apply for funding or solicit resources to attain a counselor which is why it is not included in budget.
A63: Special Education Personnel | B63: 0 | C63: 56000 | D63: =C63*1.03 -> 57680 | E63: =D63*1.03*2+3000 -> 121820.8 | F63: =E63*1.03+3000 -> 128475.42 | G63: =F63*1.03+3000 -> 135329.69 | H63: The salary will increase by 3% each year. Year 1 is for a Lead SPED teacher. Following Year 3 when school is fully grown, there will be 2 Sped personnel. One of the SPED teachers will have an advanced role of SPED coordinator and receive an extra 3,000 per year.
A64: Office Manager | B64: 0 | C64: 22000 | D64: =C64*1.03*2 -> 45320 | E64: =D64*1.03 -> 46679.6 | F64: =E64*1.03 -> 48079.988 | G64: =F64*1.03 -> 49522.388 | H64: Schools will share Office Manager for the 1st year so cost is split between 2 schools. Total is 44,000 for the 1st year. Following year 1 school will have its own office manager.
A65: Office Assistant | B65: 0 | C65: 21600 | D65: =C65*1.03 -> 22248 | E65: =D65*1.03 -> 22915.44 | F65: =E65*1.03 -> 23602.903 | G65: =F65*1.03 -> 24310.99 | H65: Salary based on an hourly salary of $15 per hour for a 40 hour work week and 9 month work year.
A66: Business Manager | B66: 0 | C66: 38000 | D66: =C66*1.03 -> 39140 | E66: =D66*1.03 -> 40314.2 | F66: =E66*1.03 -> 41523.626 | G66: =F66*1.03 -> 42769.335 | H66: Schools will share CFO who will complete reports for both schools so cost is split between 2 schools. Total pay is 76,000 for the 1st year.
A67: Maintenance Personnel | B67: 0 | C67: 0 | D67: =C67*1.03 -> 0 | E67: 0 | F67: 0 | G67: 0 | H67: Maintenance Expense is included in the rent. The landloard will be responsible for building repairs.
A68: Food Service Personnel | B68: 0 | C68: 1000 | D68: 1000 | E68: 1000 | F68: 1000 | G68: 1000 | H68: Based on quote from Foodease for the operation and oversight of the Free and Reduced Lunch Program. See Line 114 for the food service contract fee.
A69: Retirement Benefits - Membership in TRS is required for teachers. (FY23 rate=19.98%, recent yrs have been in this range) | B69: 0 | C69: =SUM(C59+C60+C63)*0.1998 -> 64535.4 | D69: =SUM(D59+D60+D63)*0.1998 -> 116582.3 | E69: =SUM(E59+E60+E63)*0.1998 -> 180088.81 | F69: =SUM(F59+F60+F63)*0.1998 -> 182016.15 | G69: =SUM(G59+G60+G63)*0.1998 -> 184001.32 | H69: Based on 19.98% of teacher salaries.
A70: Health Benefits | B70: 0 | C70: =C27*5500 -> 49500 | D70: =D27*5500 -> 71500 | E70: =E27*5500 -> 110000 | F70: =F27*5500 -> 110000 | G70: =G27*5500 -> 110000 | H70: Based on $5500 for each full time employee
A71: FICA (OASDI 6.2%, HI 1.45%) | B71: 0 | C71: =SUM(C57:C66)*0.0765 -> 40284.9 | D71: =SUM(D57:D66)*0.0765 -> 62380.242 | E71: =SUM(E57:E66)*0.0765 -> 95715.654 | F71: =SUM(F57:F66)*0.0765 -> 97221.52 | G71: =SUM(G57:G66)*0.0765 -> 98771.688
A72: Other Payroll Expenses/Taxes | B72: 0 | C72: 0 | D72: 0 | E72: 0 | F72: 0 | G72: 0 | H72: Payroll services are included in line item # 103
A73: Endorsement/Incentive Increases | B73: 0 | C73: 0 | D73: 0 | E73: =E21*2000+E22*4000+E23*4000+E24*1000 -> 72000 | F73: =F21*2000+F22*4000+F23*4000+F24*1000 -> 72000 | G73: =G21*2000+G22*4000+G23*4000+G24*1000 -> 72000 | H73: Bonus for LLA employees that stay on for 3 years, $2000 for admin, $4000 for teachers, and $1000 for clerical staff
A75: Total Personnel Expenses | B75: =ROUND(SUM(B57:B74),0) -> 0 | C75: =ROUND(SUM(C57:C74),0) -> 681920 | D75: =ROUND(SUM(D57:D74),0) -> 1066891 | E75: =ROUND(SUM(E57:E74),0) -> 1709989 | F75: =ROUND(SUM(F57:F74),0) -> 1733107 | G75: =ROUND(SUM(G57:G74),0) -> 1756906
A76: Instructional
A77: Textbooks | B77: 0 | C77: =C13*20 -> 2160 | D77: =D13*20 -> 4320 | E77: =E13*20 -> 6480 | F77: =F13*20 -> 6480 | G77: =G13*20 -> 6480 | H77: All core curriculum textbooks that will be used daily in class and free and online. This line item is budgeted for $20 per student for additional text book as requested by staff.
A78: Classroom Supplies | B78: 0 | C78: =C13*50 -> 5400 | D78: =D13*50 -> 10800 | E78: =E13*50 -> 16200 | F78: =F13*50 -> 16200 | G78: =G13*50 -> 16200 | H78: Based on $50 per student.
A79: Computers | B79: 0 | C79: =C13*120 -> 12960 | D79: =D13*120 -> 25920 | E79: =E13*120 -> 38880 | F79: =F13*120 -> 38880 | G79: =G13*120 -> 38880 | H79: Based on computer quote on Best Buy, taxes included.The cost will make it possible for LLA to be one-to-one. Each student will have a computer.
A80: Software | B80: 0 | C80: =C13*15 -> 1620 | D80: =D13*15 -> 3240 | E80: =E13*15 -> 4860 | F80: =F13*15 -> 4860 | G80: =G13*15 -> 4860 | H80: Microsoft office is free for schools. Students will use Schoology seeing their grade and assignments which is $10 per student.
A81: Field Trips | B81: 0 | C81: 1500 | D81: =C81*2 -> 3000 | E81: =C81*3 -> 4500 | F81: 8100 | G81: 8100 | H81: This is based on a school wide field trip with lunch and transportation.
A82: Instructional Equipment | B82: 0 | C82: =C9*30 -> 3240 | D82: =D9*30 -> 6480 | E82: =E9*30 -> 9720 | F82: =F9*30 -> 9720 | G82: =G9*30 -> 9720 | H82: Based on $30 per student.
A83: Library and Media Center | B83: 0 | C83: =500*5 -> 2500 | D83: =500*5 -> 2500 | E83: =500*5 -> 2500 | F83: 1000 | G83: 1000 | H83: Based on setting up in class mini libraries. The cost reflected is for book shelves and books for each class. This cost is $500 for per class to set up those class libraries. Following there is 1000 for new books each year.
A84: Student Assessment | B84: 0 | C84: =C13*20 -> 2160 | D84: =D13*20 -> 4320 | E84: =E13*20 -> 6480 | F84: =F13*20 -> 6480 | G84: =G13*20 -> 6480 | H84: Based on NWEA quote that is $15 per student, WIDA test/screens are $4 per student.
A85: Classroom Furniture | B85: 0 | C85: 25000 | D85: 50000 | E85: 100000 | F85: 10000 | G85: 10000 | H85: Total is based on average cost to furnish a classroom multiplied by the total number of classes.Will do a down payment for furniture and pay montlhy over the course of 4 years. The 10,000 is to replace any furntiture.Will visit furniture giveaways that are done by districts annually.Will finance furniture over the course of the school year.
A86: PE Equipment | B86: 0 | C86: 764 | D86: 764 | E86: 764 | F86: 764 | G86: 764 | H86: Based on the median price of PE classes per school per year
A87: Art Supplies | B87: 0 | C87: =C13*5 -> 540 | D87: =D13*5 -> 1080 | E87: =E13*5 -> 1620 | F87: =F13*5 -> 1620 | G87: =G13*5 -> 1620 | H87: Based on $5 per student.Art is not a course offering for LLA.
A88: Accreditation Fees | B88: 0 | C88: 50 | D88: 100 | E88: 150 | F88: 150 | G88: 150 | H88: Based on GCA accredited fees http://gac.coe.uga.edu/gac-standards/accreditation-requirements-for-all-schools-agencies-and-centers-organization/
A92: Total Instructional Expenses | B92: =ROUND(SUM(B76:B91),0) -> 0 | C92: =ROUND(SUM(C76:C91),0) -> 57894 | D92: =ROUND(SUM(D76:D91),0) -> 112524 | E92: =ROUND(SUM(E76:E91),0) -> 192154 | F92: =ROUND(SUM(F76:F91),0) -> 104254 | G92: =ROUND(SUM(G76:G91),0) -> 104254
A93: Services and Supplies
A94: Student Uniforms | B94: 0 | C94: 0 | D94: 0 | E94: 0 | F94: 0 | G94: 0 | H94: Based on resources; not included in budget
A95: Athletic Program | B95: 0 | C95: 0 | D95: 0 | E95: 0 | F95: 0 | G95: 0 | H95: LLA will not provide athletic services
A96: Office Supplies | B96: 100 | C96: =C9*20 -> 2160 | D96: =D9*20 -> 4320 | E96: =E9*20 -> 6480 | F96: =F9*20 -> 6480 | G96: =G9*20 -> 6480 | H96: $20/student plus 1.5% year over year inflation
A97: Office Furniture | B97: 0 | C97: 2000 | D97: 500 | E97: 500 | F97: 500 | G97: 500 | H97: Will buy furniture in the 1st year and budget to replace anything else moving forward. .Will visit furniture giveaways that are done by districts annually.Will finance furniture over the course of the school year.
A98: Office Computers and Software | B98: 0 | C98: 1500 | D98: 500 | E98: 500 | F98: 500 | G98: 500 | H98: Based on $500 for two computers and SLDS.
A99: Printing and Copying Services | B99: 300 | C99: =C9*50 -> 5400 | D99: =D9*50 -> 10800 | E99: =E9*50 -> 16200 | F99: =F9*50 -> 16200 | G99: =G9*50 -> 16200 | H99: $50/student. LLA is a one-to-one campus.
A100: Postage and Shipping | B100: 200 | C100: 324 | D100: 657.72 | E100: 1001.38 | F100: 1016.4 | G100: 1031.65 | H100: $3/student plus 1.5% year over year inflation
A101: Bookkeeping | B101: 0 | C101: 0 | D101: 0 | E101: 0 | F101: 0 | G101: 0 | H101: Price is included with payroll services with Avalon Consulting Services
A102: Audit Fees | B102: 0 | C102: 0 | D102: 0 | E102: 0 | F102: 0 | G102: 0 | H102: These values represent are free because LLA will use an auditor from the SCSC list of vendors which is free.
A103: Payroll Services | B103: 0 | C103: 10800 | D103: 10800 | E103: 10800 | F103: 10800 | G103: 10800 | H103: Payroll Services will be 1,800 a month ($21,600 Yearly) with Avalon Consulting. Both schools will split this cost at $10,800 a year.
A104: Banking Fees | B104: 0 | C104: 0 | D104: 0 | E104: 0 | F104: 0 | G104: 0 | H104: Both schools have a banking account with Atlantic Capital Bank. There are no banking fees with Atlantic Captial Bank.
A105: Legal Fees | B105: 0 | C105: 1250 | D105: 1250 | E105: 1250 | F105: 1250 | G105: 1250 | H105: $2,500 retainer with Celeste Patten for both schools will be split that cost at $1250 a year.
A106: Liability and Property Insurance | B106: 0 | C106: 13940 | D106: 13940 | E106: 13940 | F106: 13940 | G106: 13940 | H106: A quote of $13940 per year for the building from Epic.
A107: Staff Development | B107: 0 | C107: =C27*300 -> 2700 | D107: =D27*300 -> 3900 | E107: =E27*300 -> 6000 | F107: =F27*300 -> 6000 | G107: =G27*300 -> 6000 | H107: $300/staff member plus 1.5% year over year inflation. Staff has some autonomy to decide how they use their staff development funds. Used quotes from online research for average PD/workshop prices.
A108: Special Education Contracted Services | B108: 0 | C108: =(C9*0.08)*1450 -> 12528 | D108: =(D9*0.08)*1450 -> 25056 | E108: =(E9*0.08)*1450 -> 37584 | F108: =(F9*0.08)*1450 -> 37584 | G108: =(G9*0.08)*1450 -> 37584 | H108: This number is based on having 8% of students who are SPED with a quote of 1,100 (Atlanta Psychoeducational Consulting) for the pschological evaluation and 350 for speech.
A109: Health Services and Supplies | B109: 0 | C109: =C13*90 -> 9720 | D109: =D13*90 -> 19440 | E109: =E13*90 -> 29160 | F109: =F13*90 -> 29160 | G109: =G13*90 -> 29160 | H109: $90/student plus 1.5% year over year inflation
A110: Staff Recruitment | B110: 600 | C110: =C27*300 -> 2700 | D110: 2000 | E110: 2000 | F110: 2000 | G110: 2000 | H110: Each year there is $2000 allocated for staff recruitment, expect the fouding year where there is 2700 or $300 per staff member to ensure getting the right peeople on board early on.
...

Sheet Formula Ref & Validation Data
A1: Components of Revenue Projection Formulas/Calculations
A3: Source Info:
A5: Report
A6: Category: | B6: QBE Reports
A7: Name: | B7: Weights for FTE Funding Formula
A8: Fiscal Year: | B8: FY 2022
A9: Allotment Term: | B9: FY 2022 Initial
A10: System: | B10: State
A11: GADOE site link: | B11: https://financeweb.doe.k12.ga.us/QBEPublicWeb/ReportsMenu.aspx
B13: Weight/FTE
A14: Kingergarten PGM | B14: 4664.04
A15: Primary Grades (1-3) PGM | B15: 3611.3
A16: Upper Elementary Grades (4-5) PGM | B16: 2898.21
A17: Middle School PGM (6-8) | B17: 3174.09
A18: Base -- Grades 9-12 | B18: 2789.66
C20: Source/Additional Info
A21: Training and Experience (T&E)/Certified Employee* (Avg recd for all cert'd st ees) | B21: 20542 | C21: Avg per Certified EE calc'd from FY 22 State Allotment sheet
A22: Annual Health Insurance Funding/Certified Employee * | B22: =11340 -> 11340 | C22: 945/mo x 12 mo's
A23: Local Five Mills Share/FTE | B23: -1263 | C23: Avg per FTE for state calc'd fr FY 22 State Allotment sheet
A24: Austerity % applied to Total State Funds | B24: 0.0423 | C24: Get % from Jon
A25: SCSC Supplement/FTE (Avg for B&M schools for FY 22) | B25: 6496 | C25: spreadsheet provided by Jon
A26: SCSC Supplement/FTE (Avg for Virtual schools for FY 22) | B26: 3695 | C26: spreadsheet provided by Jon
A28: * Total T&E (that includes the Health Insurance component) and the Teacher Retirement Contributions Funding
A29: are embedded within the Salary column of an Allotment Sheet (or Earnings Sheet).
A31: Different Years data
A32: Austerity % applied to Total State Funds | B32: 0.03 | C32: FY25 | D32: Data provided by Morgan
B33: 0.02 | C33: FY26 | D33: She said that the austerity is often
B34: 0.01 | C34: FY27 | D34: 0% unless the state is having difficulty.
B35: 0 | C35: FY28
A39: Validation Data:
A40: Answers | B40: Answers
A41: Yes | B41: 100% Budget
A42: No | B42: 65% Budget
A44: Restrictions
A45: The positive whole dollar amount cell restrictions for the Cash Balances tab and the Cash Flow Projection tabs are set for a maximum of 300,000,000.

Sheet Cash Balances
A1: =Budget!$A$1 -> Liberty Leadership Academy | B1: CASH BALANCES
A2: =IF(ISBLANK(+Budget!A2),"",Budget!A2) -> 100% Budget
B3: =Budget!$B$1 -> FY2023 | C3: =Budget!$C$1 -> FY2024 | D3: =Budget!$D$1 -> FY2025 | E3: =Budget!$E$1 -> FY2026 | F3: =Budget!$F$1 -> FY2027 | G3: =Budget!$G$1 -> FY2028
B4: =+Budget!B2 -> Planning Year | C4: =+Budget!C2 -> Year 1 | D4: =+Budget!D2 -> Year 2 | E4: =+Budget!E2 -> Year 3 | F4: =+Budget!F2 -> Year 4 | G4: =+Budget!G2 -> Year 5
A5: Beginning Operating Cash Balance | C5: =B7 -> 3400 | D5: =C7 -> 12083 | E5: =D7 -> 399049 | F5: =E7 -> 1088400 | G5: =F7 -> 1851257
A6: Increase (Decrease) from Budget tab | B6: =Budget!B136 -> 3400 | C6: =Budget!C136 -> 8683 | D6: =Budget!D136 -> 386966 | E6: =Budget!E136 -> 689351 | F6: =Budget!F136 -> 762857 | G6: =Budget!G136 -> 747696
A7: Ending Operating Cash Balance | B7: =B5+B6 -> 3400 | C7: =C5+C6 -> 12083 | D7: =D5+D6 -> 399049 | E7: =E5+E6 -> 1088400 | F7: =F5+F6 -> 1851257 | G7: =G5+G6 -> 2598953
A8: Please input your beginning cash balance into cell B5 if you have received private funding prior to this Planning Year.
A10: Beginning Contingency Fund Cash Balance | B10: 0 | C10: =B13 -> 0 | D10: =C13 -> 0 | E10: =D13 -> 0 | F10: =E13 -> 0 | G10: =F13 -> 0
A11: Increases from Additions on Budget tab | B11: =+Budget!B134 -> 0 | C11: =+Budget!C134 -> 0 | D11: =+Budget!D134 -> 0 | E11: =Budget!E134 -> 0 | F11: =Budget!F134 -> 0 | G11: =Budget!G134 -> 0
A12: (Decreases) from Transfers to Oper Acct | B12: =-Budget!B135 -> 0 | C12: =-Budget!C135 -> 0 | D12: =-Budget!D135 -> 0 | E12: =-Budget!E135 -> 0 | F12: =-Budget!F135 -> 0 | G12: =-Budget!G135 -> 0
A13: Ending Contingency Fund Cash Balance | B13: =B10+B11+B12 -> 0 | C13: =C10+C11+C12 -> 0 | D13: =D10+D11+D12 -> 0 | E13: =E10+E11+E12 -> 0 | F13: =F10+F11+F12 -> 0 | G13: =G10+G11+G12 -> 0
A14: The beginning Contingency Fund Cash Balance is set to zero as you would not have a Contingency Fund during the Planning Yr. All funds on hand initially would be considered Operating Cash funds.
A16: Beginning Total Cash Balance | B16: =B5+B10 -> 0 | C16: =C5+C10 -> 3400 | D16: =D5+D10 -> 12083 | E16: =E5+E10 -> 399049 | F16: =F5+F10 -> 1088400 | G16: =G5+G10 -> 1851257
A17: Increase (Decrease) | B17: =B18-B16 -> 3400 | C17: =C18-C16 -> 8683 | D17: =D18-D16 -> 386966 | E17: =E18-E16 -> 689351 | F17: =F18-F16 -> 762857 | G17: =G18-G16 -> 747696
A18: Ending Total Cash Balance | B18: =B7+B13 -> 3400 | C18: =C7+C13 -> 12083 | D18: =D7+D13 -> 399049 | E18: =E7+E13 -> 1088400 | F18: =F7+F13 -> 1851257 | G18: =G7+G13 -> 2598953
A20: Ending Total Cash Balance should be positive for each year.
A21: The goal is for the Ending Operating Cash Balance to be positive each year.

Sheet Cash Flow Proj Planning Yr
A1: =IF(ISBLANK(+Budget!A2),"",Budget!A2) -> 100% Budget | B1: CASH FLOW PROJECTION PLANNING YEAR
A2: =Budget!A1 -> Liberty Leadership Academy | B2: Jul | C2: Aug | D2: Sep | E2: Oct | F2: Nov | G2: Dec | H2: Jan | I2: Feb | J2: Mar | K2: Apr | L2: May | M2: Jun | N2: Total | O2: Equal to Corresponding Line in Budget tab?
A4: Beginning Operating Cash Balance: | B4: ='Cash Balances'!B5 -> 0 | C4: =B97 -> 9925 | D4: =C97 -> 9150 | E4: =D97 -> 8800 | F4: =E97 -> 8700 | G4: =F97 -> 8600 | H4: =G97 -> 8340 | I4: =H97 -> 8230 | J4: =I97 -> 7170 | ... M4: =L97 -> 4675
A5: REVENUES
A6: =+Budget!A43 -> Total State Funding | B6: =Budget!$B$43/12 -> 0 | C6: =Budget!$B$43/12 -> 0 | D6: =Budget!$B$43/12 -> 0 | E6: =Budget!$B$43/12 -> 0 | F6: =Budget!$B$43/12 -> 0 | G6: =Budget!$B$43/12 -> 0 | H6: =Budget!$B$43/12 -> 0 | I6: =Budget!$B$43/12 -> 0 | ... M6: =Budget!$B$43/12 -> 0 | N6: =ROUND(SUM(B6:M6),0) -> 0 | O6: =IF((N6-Budget!B43)<2,IF((N6-Budget!B43)>-2,"Yes","No"),"No") -> Yes
A7: =Budget!A45 -> Meal Fees (Recd fr Students) | N7: =ROUND(SUM(B7:M7),0) -> 0 | O7: =IF((N7-Budget!B45)<2,IF((N7-Budget!B45)>-2,"Yes","No"),"No") -> Yes
A8: =Budget!A46 -> 0 | N8: =ROUND(SUM(B8:M8),0) -> 0 | O8: =IF((N8-Budget!B46)<2,IF((N8-Budget!B46)>-2,"Yes","No"),"No") -> Yes
A9: =Budget!A47 -> Donations | N9: =ROUND(SUM(B9:M9),0) -> 0 | O9: =IF((N9-Budget!B47)<2,IF((N9-Budget!B47)>-2,"Yes","No"),"No") -> Yes
A10: =Budget!A48 -> 0 | N10: =ROUND(SUM(B10:M10),0) -> 0 | O10: =IF((N10-Budget!B48)<2,IF((N10-Budget!B48)>-2,"Yes","No"),"No") -> Yes
A11: =Budget!A49 -> 0 | N11: =ROUND(SUM(B11:M11),0) -> 0 | O11: =IF((N11-Budget!B49)<2,IF((N11-Budget!B49)>-2,"Yes","No"),"No") -> Yes
A12: =Budget!A50 -> Grants | B12: 10000 | N12: =ROUND(SUM(B12:M12),0) -> 10000 | O12: =IF((N12-Budget!B50)<2,IF((N12-Budget!B50)>-2,"Yes","No"),"No") -> Yes
A13: =Budget!A51 -> 0 | N13: =ROUND(SUM(B13:M13),0) -> 0 | O13: =IF((N13-Budget!B51)<2,IF((N13-Budget!B51)>-2,"Yes","No"),"No") -> Yes
A14: =Budget!A52 -> 0 | N14: =ROUND(SUM(B14:M14),0) -> 0 | O14: =IF((N14-Budget!B52)<2,IF((N14-Budget!B52)>-2,"Yes","No"),"No") -> Yes
A15: =Budget!A53 -> 0 | N15: =ROUND(SUM(B15:M15),0) -> 0 | O15: =IF((N15-Budget!B53)<2,IF((N15-Budget!B53)>-2,"Yes","No"),"No") -> Yes
A16: TOTAL REVENUE RECEIPTS | B16: =SUM(B6:B15) -> 10000 | C16: =SUM(C6:C15) -> 0 | D16: =SUM(D6:D15) -> 0 | E16: =SUM(E6:E15) -> 0 | F16: =SUM(F6:F15) -> 0 | G16: =SUM(G6:G15) -> 0 | H16: =SUM(H6:H15) -> 0 | I16: =SUM(I6:I15) -> 0 | ... M16: =SUM(M6:M15) -> 0 | N16: =ROUND(SUM(B16:M16),2) -> 10000 | O16: =IF((N16-Budget!B54)<2,IF((N16-Budget!B54)>-2,"Yes","No"),"No") -> Yes
A17: EXPENSES
A18: =Budget!A56 -> Personnel
A19: =Budget!A57 -> Principal | B19: 0 | C19: 0 | D19: 0 | E19: 0 | F19: 0 | G19: 0 | H19: 0 | I19: 0 | J19: 0 | K19: 0 | L19: 0 | M19: 0 | N19: =ROUND(SUM(B19:M19),0) -> 0 | O19: =IF((N19-Budget!B57)<2,IF((N19-Budget!B57)>-2,"Yes","No"),"No") -> Yes
A20: =Budget!A58 -> Other Administrators (Asst. Principal, Curriculum Director…) | B20: 0 | C20: 0 | D20: 0 | E20: 0 | F20: 0 | G20: 0 | H20: 0 | I20: 0 | J20: 0 | K20: 0 | L20: 0 | M20: 0 | N20: =ROUND(SUM(B20:M20),0) -> 0 | O20: =IF((N20-Budget!B58)<2,IF((N20-Budget!B58)>-2,"Yes","No"),"No") -> Yes
A21: =Budget!A59 -> Teachers | B21: 0 | C21: 0 | D21: 0 | E21: 0 | F21: 0 | G21: 0 | H21: 0 | I21: 0 | J21: 0 | K21: 0 | L21: 0 | M21: 0 | N21: =ROUND(SUM(B21:M21),0) -> 0 | O21: =IF((N21-Budget!B59)<2,IF((N21-Budget!B59)>-2,"Yes","No"),"No") -> Yes
A22: =Budget!A60 -> Arts/PE/Connections Teachers | B22: 0 | C22: 0 | D22: 0 | E22: 0 | F22: 0 | G22: 0 | H22: 0 | I22: 0 | J22: 0 | K22: 0 | L22: 0 | M22: 0 | N22: =ROUND(SUM(B22:M22),0) -> 0 | O22: =IF((N22-Budget!B60)<2,IF((N22-Budget!B60)>-2,"Yes","No"),"No") -> Yes
A23: =Budget!A61 -> Athletics/Extracurricular Coaches | B23: 0 | C23: 0 | D23: 0 | E23: 0 | F23: 0 | G23: 0 | H23: 0 | I23: 0 | J23: 0 | K23: 0 | L23: 0 | M23: 0 | N23: =ROUND(SUM(B23:M23),0) -> 0 | O23: =IF((N23-Budget!B61)<2,IF((N23-Budget!B61)>-2,"Yes","No"),"No") -> Yes
A24: =Budget!A62 -> Guidance Counselors | B24: 0 | C24: 0 | D24: 0 | E24: 0 | F24: 0 | G24: 0 | H24: 0 | I24: 0 | J24: 0 | K24: 0 | L24: 0 | M24: 0 | N24: =ROUND(SUM(B24:M24),0) -> 0 | O24: =IF((N24-Budget!B62)<2,IF((N24-Budget!B62)>-2,"Yes","No"),"No") -> Yes
A25: =Budget!A63 -> Special Education Personnel | B25: 0 | C25: 0 | D25: 0 | E25: 0 | F25: 0 | G25: 0 | H25: 0 | I25: 0 | J25: 0 | K25: 0 | L25: 0 | M25: 0 | N25: =ROUND(SUM(B25:M25),0) -> 0 | O25: =IF((N25-Budget!B63)<2,IF((N25-Budget!B63)>-2,"Yes","No"),"No") -> Yes
A26: =Budget!A64 -> Office Manager | B26: 0 | C26: 0 | D26: 0 | E26: 0 | F26: 0 | G26: 0 | H26: 0 | I26: 0 | J26: 0 | K26: 0 | L26: 0 | M26: 0 | N26: =ROUND(SUM(B26:M26),0) -> 0 | O26: =IF((N26-Budget!B64)<2,IF((N26-Budget!B64)>-2,"Yes","No"),"No") -> Yes
A27: =Budget!A65 -> Office Assistant | B27: 0 | C27: 0 | D27: 0 | E27: 0 | F27: 0 | G27: 0 | H27: 0 | I27: 0 | J27: 0 | K27: 0 | L27: 0 | M27: 0 | N27: =ROUND(SUM(B27:M27),0) -> 0 | O27: =IF((N27-Budget!B65)<2,IF((N27-Budget!B65)>-2,"Yes","No"),"No") -> Yes
A28: =Budget!A66 -> Business Manager | B28: 0 | C28: 0 | D28: 0 | E28: 0 | F28: 0 | G28: 0 | H28: 0 | I28: 0 | J28: 0 | K28: 0 | L28: 0 | M28: 0 | N28: =ROUND(SUM(B28:M28),0) -> 0 | O28: =IF((N28-Budget!B66)<2,IF((N28-Budget!B66)>-2,"Yes","No"),"No") -> Yes
A29: =Budget!A67 -> Maintenance Personnel | B29: 0 | C29: 0 | D29: 0 | E29: 0 | F29: 0 | G29: 0 | H29: 0 | I29: 0 | J29: 0 | K29: 0 | L29: 0 | M29: 0 | N29: =ROUND(SUM(B29:M29),0) -> 0 | O29: =IF((N29-Budget!B67)<2,IF((N29-Budget!B67)>-2,"Yes","No"),"No") -> Yes
A30: =Budget!A68 -> Food Service Personnel | B30: 0 | C30: 0 | D30: 0 | E30: 0 | F30: 0 | G30: 0 | H30: 0 | I30: 0 | J30: 0 | K30: 0 | L30: 0 | M30: 0 | N30: =ROUND(SUM(B30:M30),0) -> 0 | O30: =IF((N30-Budget!B68)<2,IF((N30-Budget!B68)>-2,"Yes","No"),"No") -> Yes
... A35: =Budget!A73 -> Endorsement/Incentive Increases | B35: 0 | C35: 0 | D35: 0 | E35: 0 | F35: 0 | G35: 0 | H35: 0 | I35: 0 | J35: 0 | K35: 0 | L35: 0 | M35: 0 | N35: =ROUND(SUM(B35:M35),0) -> 0 | O35: =IF((N35-Budget!B73)<2,IF((N35-Budget!B73)>-2,"Yes","No"),"No") -> Yes
A36: =Budget!A74 -> 0 | N36: =ROUND(SUM(B36:M36),0) -> 0 | O36: =IF((N36-Budget!B74)<2,IF((N36-Budget!B74)>-2,"Yes","No"),"No") -> Yes
A37: =Budget!A75 -> Total Personnel Expenses | B37: =SUM(B19:B36) -> 0 | C37: =SUM(C19:C36) -> 0 | D37: =SUM(D19:D36) -> 0 | E37: =SUM(E19:E36) -> 0 | F37: =SUM(F19:F36) -> 0 | G37: =SUM(G19:G36) -> 0 | H37: =SUM(H19:H36) -> 0 | I37: =SUM(I19:I36) -> 0 | ... M37: =SUM(M19:M36) -> 0 | N37: =ROUND(SUM(B37:M37),0) -> 0 | O37: =IF((N37-Budget!B75)<2,IF((N37-Budget!B75)>-2,"Yes","No"),"No") -> Yes
A38: =Budget!A76 -> Instructional
A39: =Budget!A77 -> Textbooks | B39: 0 | C39: 0 | D39: 0 | E39: 0 | F39: 0 | G39: 0 | H39: 0 | I39: 0 | J39: 0 | K39: 0 | L39: 0 | M39: 0 | N39: =ROUND(SUM(B39:M39),0) -> 0 | O39: =IF((N39-Budget!B77)<2,IF((N39-Budget!B77)>-2,"Yes","No"),"No") -> Yes
A40: =Budget!A78 -> Classroom Supplies | B40: 0 | C40: 0 | D40: 0 | E40: 0 | F40: 0 | G40: 0 | H40: 0 | I40: 0 | J40: 0 | K40: 0 | L40: 0 | M40: 0 | N40: =ROUND(SUM(B40:M40),0) -> 0 | O40: =IF((N40-Budget!B78)<2,IF((N40-Budget!B78)>-2,"Yes","No"),"No") -> Yes
A41: =Budget!A79 -> Computers | B41: 0 | C41: 0 | D41: 0 | E41: 0 | F41: 0 | G41: 0 | H41: 0 | I41: 0 | J41: 0 | K41: 0 | L41: 0 | M41: 0 | N41: =ROUND(SUM(B41:M41),0) -> 0 | O41: =IF((N41-Budget!B79)<2,IF((N41-Budget!B79)>-2,"Yes","No"),"No") -> Yes
A42: =Budget!A80 -> Software | B42: 0 | C42: 0 | D42: 0 | E42: 0 | F42: 0 | G42: 0 | H42: 0 | I42: 0 | J42: 0 | K42: 0 | L42: 0 | M42: 0 | N42: =ROUND(SUM(B42:M42),0) -> 0 | O42: =IF((N42-Budget!B80)<2,IF((N42-Budget!B80)>-2,"Yes","No"),"No") -> Yes
A43: =Budget!A81 -> Field Trips | B43: 0 | C43: 0 | D43: 0 | E43: 0 | F43: 0 | G43: 0 | H43: 0 | I43: 0 | J43: 0 | K43: 0 | L43: 0 | M43: 0 | N43: =ROUND(SUM(B43:M43),0) -> 0 | O43: =IF((N43-Budget!B81)<2,IF((N43-Budget!B81)>-2,"Yes","No"),"No") -> Yes
A44: =Budget!A82 -> Instructional Equipment | B44: 0 | C44: 0 | D44: 0 | E44: 0 | F44: 0 | G44: 0 | H44: 0 | I44: 0 | J44: 0 | K44: 0 | L44: 0 | M44: 0 | N44: =ROUND(SUM(B44:M44),0) -> 0 | O44: =IF((N44-Budget!B82)<2,IF((N44-Budget!B82)>-2,"Yes","No"),"No") -> Yes
A45: =Budget!A83 -> Library and Media Center | B45: 0 | C45: 0 | D45: 0 | E45: 0 | F45: 0 | G45: 0 | H45: 0 | I45: 0 | J45: 0 | K45: 0 | L45: 0 | M45: 0 | N45: =ROUND(SUM(B45:M45),0) -> 0 | O45: =IF((N45-Budget!B83)<2,IF((N45-Budget!B83)>-2,"Yes","No"),"No") -> Yes
A46: =Budget!A84 -> Student Assessment | B46: 0 | C46: 0 | D46: 0 | E46: 0 | F46: 0 | G46: 0 | H46: 0 | I46: 0 | J46: 0 | K46: 0 | L46: 0 | M46: 0 | N46: =ROUND(SUM(B46:M46),0) -> 0 | O46: =IF((N46-Budget!B84)<2,IF((N46-Budget!B84)>-2,"Yes","No"),"No") -> Yes
A47: =Budget!A85 -> Classroom Furniture | B47: 0 | C47: 0 | D47: 0 | E47: 0 | F47: 0 | G47: 0 | H47: 0 | I47: 0 | J47: 0 | K47: 0 | L47: 0 | M47: 0 | N47: =ROUND(SUM(B47:M47),0) -> 0 | O47: =IF((N47-Budget!B85)<2,IF((N47-Budget!B85)>-2,"Yes","No"),"No") -> Yes
A48: =Budget!A86 -> PE Equipment | B48: 0 | C48: 0 | D48: 0 | E48: 0 | F48: 0 | G48: 0 | H48: 0 | I48: 0 | J48: 0 | K48: 0 | L48: 0 | M48: 0 | N48: =ROUND(SUM(B48:M48),0) -> 0 | O48: =IF((N48-Budget!B86)<2,IF((N48-Budget!B86)>-2,"Yes","No"),"No") -> Yes
A49: =Budget!A87 -> Art Supplies | B49: 0 | C49: 0 | D49: 0 | E49: 0 | F49: 0 | G49: 0 | H49: 0 | I49: 0 | J49: 0 | K49: 0 | L49: 0 | M49: 0 | N49: =ROUND(SUM(B49:M49),0) -> 0 | O49: =IF((N49-Budget!B87)<2,IF((N49-Budget!B87)>-2,"Yes","No"),"No") -> Yes
A50: =Budget!A88 -> Accreditation Fees | B50: 0 | C50: 0 | D50: 0 | E50: 0 | F50: 0 | G50: 0 | H50: 0 | I50: 0 | J50: 0 | K50: 0 | L50: 0 | M50: 0 | N50: =ROUND(SUM(B50:M50),0) -> 0 | O50: =IF((N50-Budget!B88)<2,IF((N50-Budget!B88)>-2,"Yes","No"),"No") -> Yes
A51: =Budget!A89 -> 0 | N51: =ROUND(SUM(B51:M51),0) -> 0 | O51: =IF((N51-Budget!B89)<2,IF((N51-Budget!B89)>-2,"Yes","No"),"No") -> Yes
A52: =Budget!A90 -> 0 | N52: =ROUND(SUM(B52:M52),0) -> 0 | O52: =IF((N52-Budget!B90)<2,IF((N52-Budget!B90)>-2,"Yes","No"),"No") -> Yes
A53: =Budget!A91 -> 0 | N53: =ROUND(SUM(B53:M53),0) -> 0 | O53: =IF((N53-Budget!B91)<2,IF((N53-Budget!B91)>-2,"Yes","No"),"No") -> Yes
A54: =Budget!A92 -> Total Instructional Expenses | B54: =SUM(B39:B53) -> 0 | C54: =SUM(C39:C53) -> 0 | D54: =SUM(D39:D53) -> 0 | E54: =SUM(E39:E53) -> 0 | F54: =SUM(F39:F53) -> 0 | G54: =SUM(G39:G53) -> 0 | H54: =SUM(H39:H53) -> 0 | I54: =SUM(I39:I53) -> 0 | ... M54: =SUM(M39:M53) -> 0 | N54: =SUM(B54:M54) -> 0 | O54: =IF((N54-Budget!B92)<2,IF((N54-Budget!B92)>-2,"Yes","No"),"No") -> Yes
A55: =Budget!A93 -> Services and Supplies
A56: =Budget!A94 -> Student Uniforms | B56: 0 | C56: 0 | D56: 0 | E56: 0 | F56: 0 | G56: 0 | H56: 0 | I56: 0 | J56: 0 | K56: 0 | L56: 0 | M56: 0 | N56: =ROUND(SUM(B56:M56),0) -> 0 | O56: =IF((N56-Budget!B94)<2,IF((N56-Budget!B94)>-2,"Yes","No"),"No") -> Yes
A57: =Budget!A95 -> Athletic Program | B57: 0 | C57: 0 | D57: 0 | E57: 0 | F57: 0 | G57: 0 | H57: 0 | I57: 0 | J57: 0 | K57: 0 | L57: 0 | M57: 0 | N57: =ROUND(SUM(B57:M57),0) -> 0 | O57: =IF((N57-Budget!B95)<2,IF((N57-Budget!B95)>-2,"Yes","No"),"No") -> Yes
A58: =Budget!A96 -> Office Supplies | B58: 25 | C58: 25 | D58: 0 | E58: 0 | F58: 0 | G58: 0 | H58: 0 | I58: 0 | J58: 0 | K58: 0 | L58: 25 | M58: 25 | N58: =ROUND(SUM(B58:M58),0) -> 100 | O58: =IF((N58-Budget!B96)<2,IF((N58-Budget!B96)>-2,"Yes","No"),"No") -> Yes
A59: =Budget!A97 -> Office Furniture | B59: 0 | C59: 0 | D59: 0 | E59: 0 | F59: 0 | G59: 0 | H59: 0 | I59: 0 | J59: 0 | K59: 0 | L59: 0 | M59: 0 | N59: =ROUND(SUM(B59:M59),0) -> 0 | O59: =IF((N59-Budget!B97)<2,IF((N59-Budget!B97)>-2,"Yes","No"),"No") -> Yes
A60: =Budget!A98 -> Office Computers and Software | B60: 0 | C60: 0 | D60: 0 | E60: 0 | F60: 0 | G60: 0 | H60: 0 | I60: 0 | J60: 0 | K60: 0 | L60: 0 | M60: 0 | N60: =ROUND(SUM(B60:M60),0) -> 0 | O60: =IF((N60-Budget!B98)<2,IF((N60-Budget!B98)>-2,"Yes","No"),"No") -> Yes
A61: =Budget!A99 -> Printing and Copying Services | B61: 50 | C61: 50 | D61: 50 | E61: 0 | F61: 0 | G61: 0 | H61: 0 | I61: 0 | J61: 0 | K61: 0 | L61: 100 | M61: 50 | N61: =ROUND(SUM(B61:M61),0) -> 300 | O61: =IF((N61-Budget!B99)<2,IF((N61-Budget!B99)>-2,"Yes","No"),"No") -> Yes
A62: =Budget!A100 -> Postage and Shipping | D62: 50 | G62: 10 | H62: 10 | I62: 10 | J62: 10 | K62: 10 | L62: 50 | M62: 50 | N62: =ROUND(SUM(B62:M62),0) -> 200 | O62: =IF((N62-Budget!B100)<2,IF((N62-Budget!B100)>-2,"Yes","No"),"No") -> Yes
A63: =Budget!A101 -> Bookkeeping | B63: 0 | C63: 0 | D63: 0 | E63: 0 | F63: 0 | G63: 0 | H63: 0 | I63: 0 | J63: 0 | K63: 0 | L63: 0 | M63: 0 | N63: =ROUND(SUM(B63:M63),0) -> 0 | O63: =IF((N63-Budget!B101)<2,IF((N63-Budget!B101)>-2,"Yes","No"),"No") -> Yes
A64: =Budget!A102 -> Audit Fees | B64: 0 | C64: 0 | D64: 0 | E64: 0 | F64: 0 | G64: 0 | H64: 0 | I64: 0 | J64: 0 | K64: 0 | L64: 0 | M64: 0 | N64: =ROUND(SUM(B64:M64),0) -> 0 | O64: =IF((N64-Budget!B102)<2,IF((N64-Budget!B102)>-2,"Yes","No"),"No") -> Yes
A65: =Budget!A103 -> Payroll Services | B65: 0 | C65: 0 | D65: 0 | E65: 0 | F65: 0 | G65: 0 | H65: 0 | I65: 0 | J65: 0 | K65: 0 | L65: 0 | M65: 0 | N65: =ROUND(SUM(B65:M65),0) -> 0 | O65: =IF((N65-Budget!B103)<2,IF((N65-Budget!B103)>-2,"Yes","No"),"No") -> Yes
A66: =Budget!A104 -> Banking Fees | B66: 0 | C66: 0 | D66: 0 | E66: 0 | F66: 0 | G66: 0 | H66: 0 | I66: 0 | J66: 0 | K66: 0 | L66: 0 | M66: 0 | N66: =ROUND(SUM(B66:M66),0) -> 0 | O66: =IF((N66-Budget!B104)<2,IF((N66-Budget!B104)>-2,"Yes","No"),"No") -> Yes
A67: =Budget!A105 -> Legal Fees | B67: 0 | C67: 0 | D67: 0 | E67: 0 | F67: 0 | G67: 0 | H67: 0 | I67: 0 | J67: 0 | K67: 0 | L67: 0 | M67: 0 | N67: =ROUND(SUM(B67:M67),0) -> 0 | O67: =IF((N67-Budget!B105)<2,IF((N67-Budget!B105)>-2,"Yes","No"),"No") -> Yes
A68: =Budget!A106 -> Liability and Property Insurance | B68: 0 | C68: 0 | D68: 0 | E68: 0 | F68: 0 | G68: 0 | H68: 0 | I68: 0 | J68: 0 | K68: 0 | L68: 0 | M68: 0 | N68: =ROUND(SUM(B68:M68),0) -> 0 | O68: =IF((N68-Budget!B106)<2,IF((N68-Budget!B106)>-2,"Yes","No"),"No") -> Yes
A69: =Budget!A107 -> Staff Development | B69: 0 | C69: 0 | D69: 0 | E69: 0 | F69: 0 | G69: 0 | H69: 0 | I69: 0 | J69: 0 | K69: 0 | L69: 0 | M69: 0 | N69: =ROUND(SUM(B69:M69),0) -> 0 | O69: =IF((N69-Budget!B107)<2,IF((N69-Budget!B107)>-2,"Yes","No"),"No") -> Yes
A70: =Budget!A108 -> Special Education Contracted Services | B70: 0 | C70: 0 | D70: 0 | E70: 0 | F70: 0 | G70: 0 | H70: 0 | I70: 0 | J70: 0 | K70: 0 | L70: 0 | M70: 0 | N70: =ROUND(SUM(B70:M70),0) -> 0 | O70: =IF((N70-Budget!B108)<2,IF((N70-Budget!B108)>-2,"Yes","No"),"No") -> Yes
A71: =Budget!A109 -> Health Services and Supplies | B71: 0 | C71: 0 | D71: 0 | E71: 0 | F71: 0 | G71: 0 | H71: 0 | I71: 0 | J71: 0 | K71: 0 | L71: 0 | M71: 0 | N71: =ROUND(SUM(B71:M71),0) -> 0 | O71: =IF((N71-Budget!B109)<2,IF((N71-Budget!B109)>-2,"Yes","No"),"No") -> Yes
A72: =Budget!A110 -> Staff Recruitment | C72: 100 | D72: 150 | G72: 50 | I72: 150 | J72: 50 | K72: 50 | M72: 50 | N72: =ROUND(SUM(B72:M72),0) -> 600 | O72: =IF((N72-Budget!B110)<2,IF((N72-Budget!B110)>-2,"Yes","No"),"No") -> Yes
A73: =Budget!A111 -> Student Recruitment | C73: 100 | G73: 100 | L73: 100 | M73: 100 | N73: =ROUND(SUM(B73:M73),0) -> 400 | O73: =IF((N73-Budget!B111)<2,IF((N73-Budget!B111)>-2,"Yes","No"),"No") -> Yes
A74: =Budget!A112 -> Technology Support | B74: 0 | C74: 0 | D74: 0 | E74: 0 | F74: 0 | G74: 0 | H74: 0 | I74: 0 | J74: 0 | K74: 0 | L74: 0 | M74: 0 | N74: =ROUND(SUM(B74:M74),0) -> 0 | O74: =IF((N74-Budget!B112)<2,IF((N74-Budget!B112)>-2,"Yes","No"),"No") -> Yes
A75: =Budget!A113 -> Phone/Internet Service | B75: 0 | C75: 0 | D75: 0 | E75: 0 | F75: 0 | G75: 0 | H75: 0 | I75: 0 | J75: 0 | K75: 0 | L75: 0 | M75: 0 | N75: =ROUND(SUM(B75:M75),0) -> 0 | O75: =IF((N75-Budget!B113)<2,IF((N75-Budget!B113)>-2,"Yes","No"),"No") -> Yes
A76: =Budget!A114 -> Food Service | B76: 0 | C76: 0 | D76: 0 | E76: 0 | F76: 0 | G76: 0 | H76: 0 | I76: 0 | J76: 0 | K76: 0 | L76: 0 | M76: 0 | N76: =ROUND(SUM(B76:M76),0) -> 0 | O76: =IF((N76-Budget!B114)<2,IF((N76-Budget!B114)>-2,"Yes","No"),"No") -> Yes
A77: =Budget!A115 -> Transportation | B77: 0 | C77: 0 | D77: 0 | E77: 0 | F77: 0 | G77: 0 | H77: 0 | I77: 0 | J77: 0 | K77: 0 | L77: 0 | M77: 0 | N77: =ROUND(SUM(B77:M77),0) -> 0 | O77: =IF((N77-Budget!B115)<2,IF((N77-Budget!B115)>-2,"Yes","No"),"No") -> Yes
A78: =Budget!A116 -> Pest Control | B78: 0 | C78: 0 | D78: 0 | E78: 0 | F78: 0 | G78: 0 | H78: 0 | I78: 0 | J78: 0 | K78: 0 | L78: 0 | M78: 0 | N78: =ROUND(SUM(B78:M78),0) -> 0 | O78: =IF((N78-Budget!B116)<2,IF((N78-Budget!B116)>-2,"Yes","No"),"No") -> Yes
A79: =Budget!A117 -> Janitorial Supplies and Services | B79: 0 | C79: 0 | D79: 0 | E79: 0 | F79: 0 | G79: 0 | H79: 0 | I79: 0 | J79: 0 | K79: 0 | L79: 0 | M79: 0 | N79: =ROUND(SUM(B79:M79),0) -> 0 | O79: =IF((N79-Budget!B117)<2,IF((N79-Budget!B117)>-2,"Yes","No"),"No") -> Yes
A80: =Budget!A118 -> Waste Disposal | B80: 0 | C80: 0 | D80: 0 | E80: 0 | F80: 0 | G80: 0 | H80: 0 | I80: 0 | J80: 0 | K80: 0 | L80: 0 | M80: 0 | N80: =ROUND(SUM(B80:M80),0) -> 0 | O80: =IF((N80-Budget!B118)<2,IF((N80-Budget!B118)>-2,"Yes","No"),"No") -> Yes
A81: =Budget!A119 -> Marketing | C81: 500 | D81: 100 | E81: 100 | F81: 100 | G81: 100 | H81: 100 | I81: 900 | J81: 100 | K81: 1000 | L81: 1000 | M81: 1000 | N81: =ROUND(SUM(B81:M81),0) -> 5000 | O81: =IF((N81-Budget!B119)<2,IF((N81-Budget!B119)>-2,"Yes","No"),"No") -> Yes
A82: =Budget!A120 -> EMO (Educational Mgt Organization)/CMO (Charter Mgt. Organization) Fees | B82: 0 | C82: 0 | D82: 0 | E82: 0 | F82: 0 | G82: 0 | H82: 0 | I82: 0 | J82: 0 | K82: 0 | L82: 0 | M82: 0 | N82: =ROUND(SUM(B82:M82),0) -> 0 | O82: =IF((N82-Budget!B120)<2,IF((N82-Budget!B120)>-2,"Yes","No"),"No") -> Yes
A83: =Budget!A121 -> 0 | N83: =ROUND(SUM(B83:M83),0) -> 0 | O83: =IF((N83-Budget!B121)<2,IF((N83-Budget!B121)>-2,"Yes","No"),"No") -> Yes
A84: =Budget!A122 -> 0 | N84: =ROUND(SUM(B84:M84),0) -> 0 | O84: =IF((N84-Budget!B122)<2,IF((N84-Budget!B122)>-2,"Yes","No"),"No") -> Yes
A85: =Budget!A123 -> Total Services and Supplies Expenses | B85: =SUM(B56:B84) -> 75 | C85: =SUM(C56:C84) -> 775 | D85: =SUM(D56:D84) -> 350 | E85: =SUM(E56:E84) -> 100 | F85: =SUM(F56:F84) -> 100 | G85: =SUM(G56:G84) -> 260 | H85: =SUM(H56:H84) -> 110 | I85: =SUM(I56:I84) -> 1060 | ... M85: =SUM(M56:M84) -> 1275 | N85: =SUM(B85:M85) -> 6600 | O85: =IF((N85-Budget!B123)<2,IF((N85-Budget!B123)>-2,"Yes","No"),"No") -> Yes
A86: =Budget!A124 -> Facilities
A87: =Budget!A125 -> Rent/Lease/Mortgage | N87: =ROUND(SUM(B87:M87),0) -> 0 | O87: =IF((N87-Budget!B125)<2,IF((N87-Budget!B125)>-2,"Yes","No"),"No") -> Yes
A88: =Budget!A126 -> Grounds Maintenance | B88: 0 | C88: 0 | D88: 0 | E88: 0 | F88: 0 | G88: 0 | H88: 0 | I88: 0 | J88: 0 | K88: 0 | L88: 0 | M88: 0 | N88: =ROUND(SUM(B88:M88),0) -> 0 | O88: =IF((N88-Budget!B126)<2,IF((N88-Budget!B126)>-2,"Yes","No"),"No") -> Yes
A89: =Budget!A127 -> Facility Maintenance and Repair | N89: =ROUND(SUM(B89:M89),0) -> 0 | O89: =IF((N89-Budget!B127)<2,IF((N89-Budget!B127)>-2,"Yes","No"),"No") -> Yes
A90: =Budget!A128 -> Utilities | B90: 0 | C90: 0 | D90: 0 | E90: 0 | F90: 0 | G90: 0 | H90: 0 | I90: 0 | J90: 0 | K90: 0 | L90: 0 | M90: 0 | N90: =ROUND(SUM(B90:M90),0) -> 0 | O90: =IF((N90-Budget!B128)<2,IF((N90-Budget!B128)>-2,"Yes","No"),"No") -> Yes
A91: =Budget!A129 -> Fire and Occupational Safety and Compliance | N91: =ROUND(SUM(B91:M91),0) -> 0 | O91: =IF((N91-Budget!B129)<2,IF((N91-Budget!B129)>-2,"Yes","No"),"No") -> Yes
A92: =Budget!A130 -> 0 | N92: =ROUND(SUM(B92:M92),0) -> 0 | O92: =IF((N92-Budget!B130)<2,IF((N92-Budget!B130)>-2,"Yes","No"),"No") -> Yes
A93: =Budget!A131 -> 0 | N93: =ROUND(SUM(B93:M93),0) -> 0 | O93: =IF((N93-Budget!B131)<2,IF((N93-Budget!B131)>-2,"Yes","No"),"No") -> Yes
A94: =Budget!A132 -> Total Facilities Expenses | B94: =SUM(B87:B93) -> 0 | C94: =SUM(C87:C93) -> 0 | D94: =SUM(D87:D93) -> 0 | E94: =SUM(E87:E93) -> 0 | F94: =SUM(F87:F93) -> 0 | G94: =SUM(G87:G93) -> 0 | H94: =SUM(H87:H93) -> 0 | I94: =SUM(I87:I93) -> 0 | ... M94: =SUM(M87:M93) -> 0 | N94: =ROUND(SUM(B94:M94),0) -> 0 | O94: =IF((N94-Budget!B132)<2,IF((N94-Budget!B132)>-2,"Yes","No"),"No") -> Yes
A95: TOTAL EXPENSES DISBURSEMENTS | B95: =SUM(B94,B85,B54,B37) -> 75 | C95: =SUM(C94,C85,C54,C37) -> 775 | D95: =SUM(D94,D85,D54,D37) -> 350 | E95: =SUM(E94,E85,E54,E37) -> 100 | F95: =SUM(F94,F85,F54,F37) -> 100 | G95: =SUM(G94,G85,G54,G37) -> 260 | H95: =SUM(H94,H85,H54,H37) -> 110 | I95: =SUM(I94,I85,I54,I37) -> 1060 | ... M95: =SUM(M94,M85,M54,M37) -> 1275 | N95: =ROUND(SUM(B95:M95),2) -> 6600 | O95: =IF((N95-Budget!B133)<2,IF((N95-Budget!B133)>-2,"Yes","No"),"No") -> Yes
A96: Increase(Decrease) to Operating Cash Balance | B96: =B16-B95 -> 9925 | C96: =C16-C95 -> -775 | D96: =D16-D95 -> -350 | E96: =E16-E95 -> -100 | F96: =F16-F95 -> -100 | G96: =G16-G95 -> -260 | H96: =H16-H95 -> -110 | I96: =I16-I95 -> -1060 | ... M96: =M16-M95 -> -1275 | N96: =SUM(B96:M96) -> 3400
A97: Ending Operating Cash Balance | B97: =B96+B4 -> 9925 | C97: =C96+C4 -> 9150 | D97: =D96+D4 -> 8800 | E97: =E96+E4 -> 8700 | F97: =F96+F4 -> 8600 | G97: =G96+G4 -> 8340 | H97: =H96+H4 -> 8230 | I97: =I96+I4 -> 7170 | ... M97: =M96+M4 -> 3400

Sheet Cash Flow Projection Yr 1
A1: =IF(ISBLANK(+Budget!A2),"",Budget!A2) -> 100% Budget | B1: CASH FLOW PROJECTION YEAR 1
A2: =Budget!A1 -> Liberty Leadership Academy | B2: Jul | C2: Aug | D2: Sep | E2: Oct | F2: Nov | G2: Dec | H2: Jan | I2: Feb | J2: Mar | K2: Apr | L2: May | M2: Jun | N2: Total | O2: Equal to Corresponding Line in Budget tab?
A4: Beginning Operating Cash Balance: | B4: ='Cash Balances'!C5 -> 3400 | C4: =B99 -> 18258.233 | D4: =C99 -> 9623.6939 | E4: =D99 -> 4922.6545 | F4: =E99 -> 3579.1152 | G4: =F99 -> 3240.0758 | H4: =G99 -> 4560.5364 | I4: =H99 -> 2726.997 | J4: =I99 -> 1109.9576 | ... M4: =L99 -> 157.83939
A5: REVENUES
A6: =+Budget!A43 -> Total State Funding | B6: =Budget!$C$43/12 -> 92630.75 | C6: =Budget!$C$43/12 -> 92630.75 | D6: =Budget!$C$43/12 -> 92630.75 | E6: =Budget!$C$43/12 -> 92630.75 | F6: =Budget!$C$43/12 -> 92630.75 | G6: =Budget!$C$43/12 -> 92630.75 | H6: =Budget!$C$43/12 -> 92630.75 | I6: =Budget!$C$43/12 -> 92630.75 | ... M6: =Budget!$C$43/12 -> 92630.75 | N6: =ROUND(SUM(B6:M6),0) -> 1111569 | O6: =IF((N6-Budget!C43)<2,IF((N6-Budget!C43)>-2,"Yes","No"),"No") -> Yes
A7: =Budget!A45 -> Meal Fees (Recd fr Students) | N7: =ROUND(SUM(B7:M7),0) -> 0 | O7: =IF((N7-Budget!C45)<2,IF((N7-Budget!C45)>-2,"Yes","No"),"No") -> Yes
A8: =Budget!A46 -> 0 | N8: =ROUND(SUM(B8:M8),0) -> 0 | O8: =IF((N8-Budget!C46)<2,IF((N8-Budget!C46)>-2,"Yes","No"),"No") -> Yes
A9: =Budget!A47 -> Donations | N9: =ROUND(SUM(B9:M9),0) -> 0 | O9: =IF((N9-Budget!C47)<2,IF((N9-Budget!C47)>-2,"Yes","No"),"No") -> Yes
A10: =Budget!A48 -> 0 | N10: =ROUND(SUM(B10:M10),0) -> 0 | O10: =IF((N10-Budget!C48)<2,IF((N10-Budget!C48)>-2,"Yes","No"),"No") -> Yes
A11: =Budget!A49 -> 0 | N11: =ROUND(SUM(B11:M11),0) -> 0 | O11: =IF((N11-Budget!C49)<2,IF((N11-Budget!C49)>-2,"Yes","No"),"No") -> Yes
A12: =Budget!A50 -> Grants | N12: =ROUND(SUM(B12:M12),0) -> 0 | O12: =IF((N12-Budget!C50)<2,IF((N12-Budget!C50)>-2,"Yes","No"),"No") -> Yes
A13: =Budget!A51 -> 0 | N13: =ROUND(SUM(B13:M13),0) -> 0 | O13: =IF((N13-Budget!C51)<2,IF((N13-Budget!C51)>-2,"Yes","No"),"No") -> Yes
A14: =Budget!A52 -> 0 | N14: =ROUND(SUM(B14:M14),0) -> 0 | O14: =IF((N14-Budget!C52)<2,IF((N14-Budget!C52)>-2,"Yes","No"),"No") -> Yes
A15: =Budget!A53 -> 0 | N15: =ROUND(SUM(B15:M15),0) -> 0 | O15: =IF((N15-Budget!C53)<2,IF((N15-Budget!C53)>-2,"Yes","No"),"No") -> Yes
A16: TOTAL REVENUE RECEIPTS | B16: =SUM(B6:B15) -> 92630.75 | C16: =SUM(C6:C15) -> 92630.75 | D16: =SUM(D6:D15) -> 92630.75 | E16: =SUM(E6:E15) -> 92630.75 | F16: =SUM(F6:F15) -> 92630.75 | G16: =SUM(G6:G15) -> 92630.75 | H16: =SUM(H6:H15) -> 92630.75 | I16: =SUM(I6:I15) -> 92630.75 | ... M16: =SUM(M6:M15) -> 92630.75 | N16: =ROUND(SUM(B16:M16),2) -> 1111569 | O16: =IF((N16-Budget!C54)<2,IF((N16-Budget!C54)>-2,"Yes","No"),"No") -> Yes
A17: EXPENSES
A18: =Budget!A56 -> Personnel
A19: =Budget!A57 -> Principal | B19: =Budget!C57/12 -> 7250 | C19: =B19 -> 7250 | D19: =C19 -> 7250 | E19: =D19 -> 7250 | F19: =E19 -> 7250 | G19: =F19 -> 7250 | H19: =G19 -> 7250 | I19: =H19 -> 7250 | J19: =I19 -> 7250 | ... M19: =L19 -> 7250 | N19: =ROUND(SUM(B19:M19),0) -> 87000 | O19: =IF((N19-Budget!C57)<2,IF((N19-Budget!C57)>-2,"Yes","No"),"No") -> Yes
A20: =Budget!A58 -> Other Administrators (Asst. Principal, Curriculum Director…) | B20: =Budget!C58/12 -> 2916.6667 | C20: =B20 -> 2916.6667 | D20: =C20 -> 2916.6667 | E20: =D20 -> 2916.6667 | F20: =E20 -> 2916.6667 | G20: =F20 -> 2916.6667 | H20: =G20 -> 2916.6667 | I20: =H20 -> 2916.6667 | J20: =I20 -> 2916.6667 | ... M20: =L20 -> 2916.6667 | N20: =ROUND(SUM(B20:M20),0) -> 35000 | O20: =IF((N20-Budget!C58)<2,IF((N20-Budget!C58)>-2,"Yes","No"),"No") -> Yes
A21: =Budget!A59 -> Teachers | B21: =Budget!C59/12 -> 18333.333 | C21: =B21 -> 18333.333 | D21: =C21 -> 18333.333 | E21: =D21 -> 18333.333 | F21: =E21 -> 18333.333 | G21: =F21 -> 18333.333 | H21: =G21 -> 18333.333 | I21: =H21 -> 18333.333 | J21: =I21 -> 18333.333 | ... M21: =L21 -> 18333.333 | N21: =ROUND(SUM(B21:M21),0) -> 220000 | O21: =IF((N21-Budget!C59)<2,IF((N21-Budget!C59)>-2,"Yes","No"),"No") -> Yes
A22: =Budget!A60 -> Arts/PE/Connections Teachers | B22: =Budget!C60/12 -> 3916.6667 | C22: =B22 -> 3916.6667 | D22: =C22 -> 3916.6667 | E22: =D22 -> 3916.6667 | F22: =E22 -> 3916.6667 | G22: =F22 -> 3916.6667 | H22: =G22 -> 3916.6667 | I22: =H22 -> 3916.6667 | J22: =I22 -> 3916.6667 | ... M22: =L22 -> 3916.6667 | N22: =ROUND(SUM(B22:M22),0) -> 47000 | O22: =IF((N22-Budget!C60)<2,IF((N22-Budget!C60)>-2,"Yes","No"),"No") -> Yes
A23: =Budget!A61 -> Athletics/Extracurricular Coaches | B23: =Budget!C61/12 -> 0 | C23: =B23 -> 0 | D23: =C23 -> 0 | E23: =D23 -> 0 | F23: =E23 -> 0 | G23: =F23 -> 0 | H23: =G23 -> 0 | I23: =H23 -> 0 | J23: =I23 -> 0 | ... M23: =L23 -> 0 | N23: =ROUND(SUM(B23:M23),0) -> 0 | O23: =IF((N23-Budget!C61)<2,IF((N23-Budget!C61)>-2,"Yes","No"),"No") -> Yes
A24: =Budget!A62 -> Guidance Counselors | B24: =Budget!C62/12 -> 0 | C24: =B24 -> 0 | D24: =C24 -> 0 | E24: =D24 -> 0 | F24: =E24 -> 0 | G24: =F24 -> 0 | H24: =G24 -> 0 | I24: =H24 -> 0 | J24: =I24 -> 0 | ... M24: =L24 -> 0 | N24: =ROUND(SUM(B24:M24),0) -> 0 | O24: =IF((N24-Budget!C62)<2,IF((N24-Budget!C62)>-2,"Yes","No"),"No") -> Yes
A25: =Budget!A63 -> Special Education Personnel | B25: =Budget!C63/12 -> 4666.6667 | C25: =B25 -> 4666.6667 | D25: =C25 -> 4666.6667 | E25: =D25 -> 4666.6667 | F25: =E25 -> 4666.6667 | G25: =F25 -> 4666.6667 | H25: =G25 -> 4666.6667 | I25: =H25 -> 4666.6667 | J25: =I25 -> 4666.6667 | ... M25: =L25 -> 4666.6667 | N25: =ROUND(SUM(B25:M25),0) -> 56000 | O25: =IF((N25-Budget!C63)<2,IF((N25-Budget!C63)>-2,"Yes","No"),"No") -> Yes
A26: =Budget!A64 -> Office Manager | B26: =Budget!C64/12 -> 1833.3333 | C26: =B26 -> 1833.3333 | D26: =C26 -> 1833.3333 | E26: =D26 -> 1833.3333 | F26: =E26 -> 1833.3333 | G26: =F26 -> 1833.3333 | H26: =G26 -> 1833.3333 | I26: =H26 -> 1833.3333 | J26: =I26 -> 1833.3333 | ... M26: =L26 -> 1833.3333 | N26: =ROUND(SUM(B26:M26),0) -> 22000 | O26: =IF((N26-Budget!C64)<2,IF((N26-Budget!C64)>-2,"Yes","No"),"No") -> Yes
A27: =Budget!A65 -> Office Assistant | B27: 0 | C27: =Budget!C65/11 -> 1963.6364 | D27: =C27 -> 1963.6364 | E27: =D27 -> 1963.6364 | F27: =E27 -> 1963.6364 | G27: =F27 -> 1963.6364 | H27: =G27 -> 1963.6364 | I27: =H27 -> 1963.6364 | J27: =I27 -> 1963.6364 | K27: =J27 -> 1963.6364 | ... M27: =L27 -> 1963.6364 | N27: =ROUND(SUM(B27:M27),0) -> 21600 | O27: =IF((N27-Budget!C65)<2,IF((N27-Budget!C65)>-2,"Yes","No"),"No") -> Yes
A28: =Budget!A66 -> Business Manager | B28: 0 | C28: =Budget!C66/11 -> 3454.5455 | D28: =C28 -> 3454.5455 | E28: =D28 -> 3454.5455 | F28: =E28 -> 3454.5455 | G28: =F28 -> 3454.5455 | H28: =G28 -> 3454.5455 | I28: =H28 -> 3454.5455 | J28: =I28 -> 3454.5455 | K28: =J28 -> 3454.5455 | ... M28: =L28 -> 3454.5455 | N28: =ROUND(SUM(B28:M28),0) -> 38000 | O28: =IF((N28-Budget!C66)<2,IF((N28-Budget!C66)>-2,"Yes","No"),"No") -> Yes
A29: =Budget!A67 -> Maintenance Personnel | B29: =Budget!C67/12 -> 0 | C29: =B29 -> 0 | D29: =C29 -> 0 | E29: =D29 -> 0 | F29: =E29 -> 0 | G29: =F29 -> 0 | H29: =G29 -> 0 | I29: =H29 -> 0 | J29: =I29 -> 0 | ... M29: =L29 -> 0 | N29: =ROUND(SUM(B29:M29),0) -> 0 | O29: =IF((N29-Budget!C67)<2,IF((N29-Budget!C67)>-2,"Yes","No"),"No") -> Yes
A30: =Budget!A68 -> Food Service Personnel | B30: 0 | C30: =Budget!C68/11 -> 90.909091 | D30: =C30 -> 90.909091 | E30: =D30 -> 90.909091 | F30: =E30 -> 90.909091 | G30: =F30 -> 90.909091 | H30: =G30 -> 90.909091 | I30: =H30 -> 90.909091 | J30: =I30 -> 90.909091 | K30: =J30 -> 90.909091 | ... M30: =L30 -> 90.909091 | N30: =ROUND(SUM(B30:M30),0) -> 1000 | O30: =IF((N30-Budget!C68)<2,IF((N30-Budget!C68)>-2,"Yes","No"),"No") -> Yes
A31: =Budget!A69 -> Retirement Benefits - Membership in TRS is required for teachers. (FY23 rate=19.98%, recent yrs have been in this range) | B31: =Budget!C69/12 -> 5377.95 | C31: =B31 -> 5377.95 | D31: =C31 -> 5377.95 | E31: =D31 -> 5377.95 | F31: =E31 -> 5377.95 | G31: =F31 -> 5377.95 | H31: =G31 -> 5377.95 | I31: =H31 -> 5377.95 | J31: =I31 -> 5377.95 | ... M31: =L31 -> 5377.95 | N31: =ROUND(SUM(B31:M31),0) -> 64535 | O31: =IF((N31-Budget!C69)<2,IF((N31-Budget!C69)>-2,"Yes","No"),"No") -> Yes
A32: =Budget!A70 -> Health Benefits | B32: =Budget!C70/12 -> 4125 | C32: =B32 -> 4125 | D32: =C32 -> 4125 | E32: =D32 -> 4125 | F32: =E32 -> 4125 | G32: =F32 -> 4125 | H32: =G32 -> 4125 | I32: =H32 -> 4125 | J32: =I32 -> 4125 | ... M32: =L32 -> 4125 | N32: =ROUND(SUM(B32:M32),0) -> 49500 | O32: =IF((N32-Budget!C70)<2,IF((N32-Budget!C70)>-2,"Yes","No"),"No") -> Yes
A33: =Budget!A71 -> FICA (OASDI 6.2%, HI 1.45%) | B33: =Budget!C71/12 -> 3357.075 | C33: =B33 -> 3357.075 | D33: =C33 -> 3357.075 | E33: =D33 -> 3357.075 | F33: =E33 -> 3357.075 | G33: =F33 -> 3357.075 | H33: =G33 -> 3357.075 | I33: =H33 -> 3357.075 | J33: =I33 -> 3357.075 | ... M33: =L33 -> 3357.075 | N33: =ROUND(SUM(B33:M33),0) -> 40285 | O33: =IF((N33-Budget!C71)<2,IF((N33-Budget!C71)>-2,"Yes","No"),"No") -> Yes
A34: =Budget!A72 -> Other Payroll Expenses/Taxes | B34: =Budget!C72/12 -> 0 | C34: =B34 -> 0 | D34: =C34 -> 0 | E34: =D34 -> 0 | F34: =E34 -> 0 | G34: =F34 -> 0 | H34: =G34 -> 0 | I34: =H34 -> 0 | J34: =I34 -> 0 | ... M34: =L34 -> 0 | N34: =ROUND(SUM(B34:M34),0) -> 0 | O34: =IF((N34-Budget!C72)<2,IF((N34-Budget!C72)>-2,"Yes","No"),"No") -> Yes
A35: =Budget!A73 -> Endorsement/Incentive Increases | B35: =Budget!C73/12 -> 0 | C35: =B35 -> 0 | D35: =C35 -> 0 | E35: =D35 -> 0 | F35: =E35 -> 0 | G35: =F35 -> 0 | H35: =G35 -> 0 | I35: =H35 -> 0 | J35: =I35 -> 0 | ... M35: =L35 -> 0 | N35: =ROUND(SUM(B35:M35),0) -> 0 | O35: =IF((N35-Budget!C73)<2,IF((N35-Budget!C73)>-2,"Yes","No"),"No") -> Yes
A36: =Budget!A74 -> 0 | N36: =ROUND(SUM(B36:M36),0) -> 0 | O36: =IF((N36-Budget!C74)<2,IF((N36-Budget!C74)>-2,"Yes","No"),"No") -> Yes
A37: =Budget!A75 -> Total Personnel Expenses | B37: =SUM(B19:B36) -> 51776.692 | C37: =SUM(C19:C36) -> 57285.783 | D37: =SUM(D19:D36) -> 57285.783 | E37: =SUM(E19:E36) -> 57285.783 | F37: =SUM(F19:F36) -> 57285.783 | G37: =SUM(G19:G36) -> 57285.783 | H37: =SUM(H19:H36) -> 57285.783 | I37: =SUM(I19:I36) -> 57285.783 | ... M37: =SUM(M19:M36) -> 57285.783 | N37: =ROUND(SUM(B37:M37),0) -> 681920 | O37: =IF((N37-Budget!C75)<3,IF((N37-Budget!C75)>-3,"Yes","No"),"No") -> Yes
A38: =Budget!A76 -> Instructional
A39: =Budget!A77 -> Textbooks | B39: 0 | C39: 100 | D39: 100 | E39: 100 | F39: 250 | G39: 250 | H39: 300 | I39: 300 | J39: 400 | K39: 360 | L39: 0 | M39: 0 | N39: =ROUND(SUM(B39:M39),0) -> 2160 | O39: =IF((N39-Budget!C77)<2,IF((N39-Budget!C77)>-2,"Yes","No"),"No") -> Yes
A40: =Budget!A78 -> Classroom Supplies | B40: 350 | C40: 350 | D40: 300 | E40: 300 | F40: 500 | G40: 500 | H40: 500 | I40: 450 | J40: 300 | K40: 1000 | L40: 450 | M40: 400 | N40: =ROUND(SUM(B40:M40),0) -> 5400 | O40: =IF((N40-Budget!C78)<2,IF((N40-Budget!C78)>-2,"Yes","No"),"No") -> Yes
A41: =Budget!A79 -> Computers | B41: 4320 | C41: 4320 | D41: 4320 | E41: 0 | F41: 0 | G41: 0 | H41: 0 | I41: 0 | J41: 0 | K41: 0 | L41: 0 | M41: 0 | N41: =ROUND(SUM(B41:M41),0) -> 12960 | O41: =IF((N41-Budget!C79)<2,IF((N41-Budget!C79)>-2,"Yes","No"),"No") -> Yes
A42: =Budget!A80 -> Software | B42: 0 | C42: 1620 | D42: 0 | E42: 0 | F42: 0 | G42: 0 | H42: 0 | I42: 0 | J42: 0 | K42: 0 | L42: 0 | M42: 0 | N42: =ROUND(SUM(B42:M42),0) -> 1620 | O42: =IF((N42-Budget!C80)<2,IF((N42-Budget!C80)>-2,"Yes","No"),"No") -> Yes
A43: =Budget!A81 -> Field Trips | B43: 0 | C43: 0 | D43: 0 | E43: 0 | F43: 0 | G43: 0 | H43: 0 | I43: 0 | J43: 0 | K43: 0 | L43: 500 | M43: 1000 | N43: =ROUND(SUM(B43:M43),0) -> 1500 | O43: =IF((N43-Budget!C81)<2,IF((N43-Budget!C81)>-2,"Yes","No"),"No") -> Yes
A44: =Budget!A82 -> Instructional Equipment | B44: 540 | C44: 540 | D44: 540 | E44: 540 | F44: 540 | G44: 540 | H44: 0 | I44: 0 | J44: 0 | K44: 0 | L44: 0 | M44: 0 | N44: =ROUND(SUM(B44:M44),0) -> 3240 | O44: =IF((N44-Budget!C82)<2,IF((N44-Budget!C82)>-2,"Yes","No"),"No") -> Yes
A45: =Budget!A83 -> Library and Media Center | B45: 0 | C45: 0 | D45: 50 | E45: 50 | F45: 625 | G45: 625 | H45: 625 | I45: 525 | J45: 0 | K45: 0 | L45: 0 | M45: 0 | N45: =ROUND(SUM(B45:M45),0) -> 2500 | O45: =IF((N45-Budget!C83)<2,IF((N45-Budget!C83)>-2,"Yes","No"),"No") -> Yes
A46: =Budget!A84 -> Student Assessment | B46: 1080 | C46: 1080 | N46: =ROUND(SUM(B46:M46),0) -> 2160 | O46: =IF((N46-Budget!C84)<2,IF((N46-Budget!C84)>-2,"Yes","No"),"No") -> Yes
A47: =Budget!A85 -> Classroom Furniture | B47: 0 | C47: =Budget!C85/11 -> 2272.7273 | D47: =C47 -> 2272.7273 | E47: =D47 -> 2272.7273 | F47: =E47 -> 2272.7273 | G47: =F47 -> 2272.7273 | H47: =G47 -> 2272.7273 | I47: =H47 -> 2272.7273 | J47: =I47 -> 2272.7273 | K47: =J47 -> 2272.7273 | ... M47: =L47 -> 2272.7273 | N47: =ROUND(SUM(B47:M47),0) -> 25000 | O47: =IF((N47-Budget!C85)<2,IF((N47-Budget!C85)>-2,"Yes","No"),"No") -> Yes
A48: =Budget!A86 -> PE Equipment | B48: 0 | C48: 0 | D48: 0 | E48: 0 | F48: 0 | G48: 0 | H48: 0 | I48: 0 | K48: 382 | L48: 382 | M48: 0 | N48: =ROUND(SUM(B48:M48),0) -> 764 | O48: =IF((N48-Budget!C86)<2,IF((N48-Budget!C86)>-2,"Yes","No"),"No") -> Yes
A49: =Budget!A87 -> Art Supplies | B49: 0 | C49: 0 | D49: 0 | E49: 0 | F49: 0 | G49: 0 | H49: 0 | I49: 0 | J49: 0 | K49: 270 | L49: 270 | M49: 0 | N49: =ROUND(SUM(B49:M49),0) -> 540 | O49: =IF((N49-Budget!C87)<2,IF((N49-Budget!C87)>-2,"Yes","No"),"No") -> Yes
A50: =Budget!A88 -> Accreditation Fees | B50: 0 | C50: 0 | D50: 0 | E50: 0 | F50: 0 | G50: 0 | H50: 0 | I50: 0 | J50: 0 | K50: 0 | L50: 0 | M50: 50 | N50: =ROUND(SUM(B50:M50),0) -> 50 | O50: =IF((N50-Budget!C88)<2,IF((N50-Budget!C88)>-2,"Yes","No"),"No") -> Yes
A51: =Budget!A89 -> 0 | N51: =ROUND(SUM(B51:M51),0) -> 0 | O51: =IF((N51-Budget!C89)<2,IF((N51-Budget!C89)>-2,"Yes","No"),"No") -> Yes
A52: =Budget!A90 -> 0 | N52: =ROUND(SUM(B52:M52),0) -> 0 | O52: =IF((N52-Budget!C90)<2,IF((N52-Budget!C90)>-2,"Yes","No"),"No") -> Yes
A53: =Budget!A91 -> 0 | N53: =ROUND(SUM(B53:M53),0) -> 0 | O53: =IF((N53-Budget!C91)<2,IF((N53-Budget!C91)>-2,"Yes","No"),"No") -> Yes
A54: =Budget!A92 -> Total Instructional Expenses | B54: =SUM(B39:B53) -> 6290 | C54: =SUM(C39:C53) -> 10282.727 | D54: =SUM(D39:D53) -> 7582.7273 | E54: =SUM(E39:E53) -> 3262.7273 | F54: =SUM(F39:F53) -> 4187.7273 | G54: =SUM(G39:G53) -> 4187.7273 | H54: =SUM(H39:H53) -> 3697.7273 | I54: =SUM(I39:I53) -> 3547.7273 | ... M54: =SUM(M39:M53) -> 3722.7273 | N54: =SUM(B54:M54) -> 57894 | O54: =IF((N54-Budget!C92)<3,IF((N54-Budget!C92)>-3,"Yes","No"),"No") -> Yes
A55: =Budget!A93 -> Services and Supplies
A56: =Budget!A94 -> Student Uniforms | B56: 0 | C56: 0 | D56: 0 | E56: 0 | F56: 0 | G56: 0 | H56: 0 | I56: 0 | J56: 0 | K56: 0 | L56: 0 | M56: 0 | N56: =ROUND(SUM(B56:M56),0) -> 0 | O56: =IF((N56-Budget!C94)<2,IF((N56-Budget!C94)>-2,"Yes","No"),"No") -> Yes
A57: =Budget!A95 -> Athletic Program | B57: 0 | C57: 0 | D57: 0 | E57: 0 | F57: 0 | G57: 0 | H57: 0 | I57: 0 | J57: 0 | K57: 0 | L57: 0 | M57: 0 | N57: =ROUND(SUM(B57:M57),0) -> 0 | O57: =IF((N57-Budget!C95)<2,IF((N57-Budget!C95)>-2,"Yes","No"),"No") -> Yes
A58: =Budget!A96 -> Office Supplies | B58: 300 | C58: 220 | D58: 200 | I58: 220 | J58: 220 | M58: 1000 | N58: =ROUND(SUM(B58:M58),0) -> 2160 | O58: =IF((N58-Budget!C96)<2,IF((N58-Budget!C96)>-2,"Yes","No"),"No") -> Yes
A59: =Budget!A97 -> Office Furniture | B59: 0 | C59: =Budget!C97/11 -> 181.81818 | D59: =C59 -> 181.81818 | E59: =D59 -> 181.81818 | F59: =E59 -> 181.81818 | G59: =F59 -> 181.81818 | H59: =G59 -> 181.81818 | I59: =H59 -> 181.81818 | J59: =I59 -> 181.81818 | K59: =J59 -> 181.81818 | ... M59: =L59 -> 181.81818 | N59: =ROUND(SUM(B59:M59),0) -> 2000 | O59: =IF((N59-Budget!C97)<2,IF((N59-Budget!C97)>-2,"Yes","No"),"No") -> Yes
A60: =Budget!A98 -> Office Computers and Software | B60: 500 | C60: 500 | D60: 250 | E60: 250 | F60: 0 | G60: 0 | H60: 0 | I60: 0 | J60: 0 | K60: 0 | L60: 0 | M60: 0 | N60: =ROUND(SUM(B60:M60),0) -> 1500 | O60: =IF((N60-Budget!C98)<2,IF((N60-Budget!C98)>-2,"Yes","No"),"No") -> Yes
A61: =Budget!A99 -> Printing and Copying Services | B61: 200 | C61: 100 | D61: 100 | E61: 100 | F61: 400 | G61: 400 | H61: 200 | I61: 100 | J61: 100 | K61: 500 | L61: 2000 | M61: 1200 | N61: =ROUND(SUM(B61:M61),0) -> 5400 | O61: =IF((N61-Budget!C99)<2,IF((N61-Budget!C99)>-2,"Yes","No"),"No") -> Yes
A62: =Budget!A100 -> Postage and Shipping | B62: 0 | C62: 81 | D62: 0 | E62: 0 | F62: 0 | G62: 81 | H62: 0 | I62: 81 | J62: 0 | K62: 0 | L62: 0 | M62: 81 | N62: =ROUND(SUM(B62:M62),0) -> 324 | O62: =IF((N62-Budget!C100)<2,IF((N62-Budget!C100)>-2,"Yes","No"),"No") -> Yes
A63: =Budget!A101 -> Bookkeeping | B63: =Budget!C101/12 -> 0 | C63: =B63 -> 0 | D63: =C63 -> 0 | E63: =D63 -> 0 | F63: =E63 -> 0 | G63: =F63 -> 0 | H63: =G63 -> 0 | I63: =H63 -> 0 | J63: =I63 -> 0 | ... M63: =L63 -> 0 | N63: =ROUND(SUM(B63:M63),0) -> 0 | O63: =IF((N63-Budget!C101)<2,IF((N63-Budget!C101)>-2,"Yes","No"),"No") -> Yes
A64: =Budget!A102 -> Audit Fees | B64: =Budget!C102/12 -> 0 | C64: =B24 -> 0 | D64: =C24 -> 0 | E64: =D24 -> 0 | F64: =E24 -> 0 | G64: =F24 -> 0 | H64: =G24 -> 0 | I64: =H24 -> 0 | J64: =I24 -> 0 | ... M64: =L24 -> 0 | N64: =ROUND(SUM(B64:M64),0) -> 0 | O64: =IF((N64-Budget!C102)<2,IF((N64-Budget!C102)>-2,"Yes","No"),"No") -> Yes
A65: =Budget!A103 -> Payroll Services | B65: =Budget!C103/12 -> 900 | C65: =B65 -> 900 | D65: =C65 -> 900 | E65: =D65 -> 900 | F65: =E65 -> 900 | G65: =F65 -> 900 | H65: =G65 -> 900 | I65: =H65 -> 900 | J65: =I65 -> 900 | ... M65: =L65 -> 900 | N65: =ROUND(SUM(B65:M65),0) -> 10800 | O65: =IF((N65-Budget!C103)<2,IF((N65-Budget!C103)>-2,"Yes","No"),"No") -> Yes
A66: =Budget!A104 -> Banking Fees | B66: =Budget!C104/12 -> 0 | C66: =B66 -> 0 | D66: =C66 -> 0 | E66: =D66 -> 0 | F66: =E66 -> 0 | G66: =F66 -> 0 | H66: =G66 -> 0 | I66: =H66 -> 0 | J66: =I66 -> 0 | ... M66: =L66 -> 0 | N66: =ROUND(SUM(B66:M66),0) -> 0 | O66: =IF((N66-Budget!C104)<2,IF((N66-Budget!C104)>-2,"Yes","No"),"No") -> Yes
A67: =Budget!A105 -> Legal Fees | B67: =Budget!C105/12 -> 104.16667 | C67: =B67 -> 104.16667 | D67: =C67 -> 104.16667 | E67: =D67 -> 104.16667 | F67: =E67 -> 104.16667 | G67: =F67 -> 104.16667 | H67: =G67 -> 104.16667 | I67: =H67 -> 104.16667 | J67: =I67 -> 104.16667 | ... M67: =L67 -> 104.16667 | N67: =ROUND(SUM(B67:M67),0) -> 1250 | O67: =IF((N67-Budget!C105)<2,IF((N67-Budget!C105)>-2,"Yes","No"),"No") -> Yes
A68: =Budget!A106 -> Liability and Property Insurance | B68: =Budget!C106/12 -> 1161.6667 | C68: =B68 -> 1161.6667 | D68: =C68 -> 1161.6667 | E68: =D68 -> 1161.6667 | F68: =E68 -> 1161.6667 | G68: =F68 -> 1161.6667 | H68: =G68 -> 1161.6667 | I68: =H68 -> 1161.6667 | J68: =I68 -> 1161.6667 | ... M68: =L68 -> 1161.6667 | N68: =ROUND(SUM(B68:M68),0) -> 13940 | O68: =IF((N68-Budget!C106)<2,IF((N68-Budget!C106)>-2,"Yes","No"),"No") -> Yes
A69: =Budget!A107 -> Staff Development | B69: 500 | C69: 200 | D69: 200 | E69: 200 | F69: 200 | G69: 200 | H69: 200 | I69: 200 | J69: 200 | K69: 200 | L69: 200 | M69: 200 | N69: =ROUND(SUM(B69:M69),0) -> 2700 | O69: =IF((N69-Budget!C107)<2,IF((N69-Budget!C107)>-2,"Yes","No"),"No") -> Yes
A70: =Budget!A108 -> Special Education Contracted Services | B70: 0 | C70: 0 | D70: 1000 | E70: 2500 | F70: 1528 | G70: 500 | H70: 2500 | I70: 2000 | J70: 1000 | K70: 1000 | L70: 500 | M70: 0 | N70: =ROUND(SUM(B70:M70),0) -> 12528 | O70: =IF((N70-Budget!C108)<2,IF((N70-Budget!C108)>-2,"Yes","No"),"No") -> Yes
A71: =Budget!A109 -> Health Services and Supplies | B71: 0 | C71: =Budget!C109/11 -> 883.63636 | D71: =C71 -> 883.63636 | E71: =D71 -> 883.63636 | F71: =E71 -> 883.63636 | G71: =F71 -> 883.63636 | H71: =G71 -> 883.63636 | I71: =H71 -> 883.63636 | J71: =I71 -> 883.63636 | K71: =J71 -> 883.63636 | ... M71: =L71 -> 883.63636 | N71: =ROUND(SUM(B71:M71),0) -> 9720 | O71: =IF((N71-Budget!C109)<2,IF((N71-Budget!C109)>-2,"Yes","No"),"No") -> Yes
A72: =Budget!A110 -> Staff Recruitment | B72: 675 | C72: 500 | D72: 175 | E72: 0 | F72: 0 | G72: 0 | H72: 0 | I72: 675 | J72: 337.5 | K72: 0 | L72: 337.5 | M72: 0 | N72: =ROUND(SUM(B72:M72),0) -> 2700 | O72: =IF((N72-Budget!C110)<2,IF((N72-Budget!C110)>-2,"Yes","No"),"No") -> Yes
A73: =Budget!A111 -> Student Recruitment | B73: 500 | C73: 150 | D73: 150 | E73: 180 | F73: 0 | G73: 0 | H73: 0 | I73: 0 | J73: 0 | K73: 0 | L73: 0 | M73: 100 | N73: =ROUND(SUM(B73:M73),0) -> 1080 | O73: =IF((N73-Budget!C111)<2,IF((N73-Budget!C111)>-2,"Yes","No"),"No") -> Yes
A74: =Budget!A112 -> Technology Support | B74: =Budget!C112/12 -> 216 | C74: =B74 -> 216 | D74: =C74 -> 216 | E74: =D74 -> 216 | F74: =E74 -> 216 | G74: =F74 -> 216 | H74: =G74 -> 216 | I74: =H74 -> 216 | J74: =I74 -> 216 | ... M74: =L74 -> 216 | N74: =ROUND(SUM(B74:M74),0) -> 2592 | O74: =IF((N74-Budget!C112)<2,IF((N74-Budget!C112)>-2,"Yes","No"),"No") -> Yes
A75: =Budget!A113 -> Phone/Internet Service | B75: =Budget!C113/12 -> 76.5 | C75: =B75 -> 76.5 | D75: =C75 -> 76.5 | E75: =D75 -> 76.5 | F75: =E75 -> 76.5 | G75: =F75 -> 76.5 | H75: =G75 -> 76.5 | I75: =H75 -> 76.5 | J75: =I75 -> 76.5 | ... M75: =L75 -> 76.5 | N75: =ROUND(SUM(B75:M75),0) -> 918 | O75: =IF((N75-Budget!C113)<2,IF((N75-Budget!C113)>-2,"Yes","No"),"No") -> Yes
A76: =Budget!A114 -> Food Service | B76: 0 | C76: =Budget!C114/10 -> 10692 | D76: =C76 -> 10692 | E76: =D76 -> 10692 | F76: =E76 -> 10692 | G76: =F76 -> 10692 | H76: =G76 -> 10692 | I76: =H76 -> 10692 | J76: =I76 -> 10692 | K76: =J76 -> 10692 | L76: =K76 -> 10692 | M76: 0 | N76: =ROUND(SUM(B76:M76),0) -> 106920 | O76: =IF((N76-Budget!C114)<2,IF((N76-Budget!C114)>-2,"Yes","No"),"No") -> Yes
A77: =Budget!A115 -> Transportation | B77: 0 | C77: =192.5*19 -> 3657.5 | D77: =192.5*20 -> 3850 | E77: =192.5*19 -> 3657.5 | F77: =192.5*16 -> 3080 | G77: =192.5*11 -> 2117.5 | H77: =192.5*21 -> 4042.5 | I77: =192.5*20 -> 3850 | J77: =192.5*19 -> 3657.5 | K77: =192.5*17 -> 3272.5 | L77: =192.5*18 -> 3465 | M77: 0 | N77: =ROUND(SUM(B77:M77),0) -> 34650 | O77: =IF((N77-Budget!C115)<2,IF((N77-Budget!C115)>-2,"Yes","No"),"No") -> Yes
A78: =Budget!A116 -> Pest Control | B78: =Budget!C116/12 -> 12.5 | C78: =B78 -> 12.5 | D78: =C78 -> 12.5 | E78: =D78 -> 12.5 | F78: =E78 -> 12.5 | G78: =F78 -> 12.5 | H78: =G78 -> 12.5 | I78: =H78 -> 12.5 | J78: =I78 -> 12.5 | ... M78: =L78 -> 12.5 | N78: =ROUND(SUM(B78:M78),0) -> 150 | O78: =IF((N78-Budget!C116)<2,IF((N78-Budget!C116)>-2,"Yes","No"),"No") -> Yes
A79: =Budget!A117 -> Janitorial Supplies and Services | B79: =Budget!C117/12 -> 426.66667 | C79: =B79 -> 426.66667 | D79: =C79 -> 426.66667 | E79: =D79 -> 426.66667 | F79: =E79 -> 426.66667 | G79: =F79 -> 426.66667 | H79: =G79 -> 426.66667 | I79: =H79 -> 426.66667 | J79: =I79 -> 426.66667 | ... M79: =L79 -> 426.66667 | N79: =ROUND(SUM(B79:M79),0) -> 5120 | O79: =IF((N79-Budget!C117)<2,IF((N79-Budget!C117)>-2,"Yes","No"),"No") -> Yes
A80: =Budget!A118 -> Waste Disposal | B80: =Budget!C118/12 -> 67 | C80: =B80 -> 67 | D80: =C80 -> 67 | E80: =D80 -> 67 | F80: =E80 -> 67 | G80: =F80 -> 67 | H80: =G80 -> 67 | I80: =H80 -> 67 | J80: =I80 -> 67 | ... M80: =L80 -> 67 | N80: =ROUND(SUM(B80:M80),0) -> 804 | O80: =IF((N80-Budget!C118)<2,IF((N80-Budget!C118)>-2,"Yes","No"),"No") -> Yes
A81: =Budget!A119 -> Marketing | B81: 2500 | C81: 2000 | D81: 250 | E81: 250 | F81: 0 | G81: 250 | H81: 250 | I81: 0 | J81: 0 | K81: 0 | L81: 0 | M81: 1520 | N81: =ROUND(SUM(B81:M81),0) -> 7020 | O81: =IF((N81-Budget!C119)<2,IF((N81-Budget!C119)>-2,"Yes","No"),"No") -> Yes
A82: =Budget!A120 -> EMO (Educational Mgt Organization)/CMO (Charter Mgt. Organization) Fees | B82: =Budget!C120/12 -> 0 | C82: =B82 -> 0 | D82: =C82 -> 0 | E82: =D82 -> 0 | F82: =E82 -> 0 | G82: =F82 -> 0 | H82: =G82 -> 0 | I82: =H82 -> 0 | J82: =I82 -> 0 | ... M82: =L82 -> 0 | N82: =ROUND(SUM(B82:M82),0) -> 0 | O82: =IF((N82-Budget!C120)<2,IF((N82-Budget!C120)>-2,"Yes","No"),"No") -> Yes
A83: =Budget!A121 -> 0 | N83: =ROUND(SUM(B83:M83),0) -> 0 | O83: =IF((N83-Budget!C121)<2,IF((N83-Budget!C121)>-2,"Yes","No"),"No") -> Yes
A84: =Budget!A122 -> 0 | N84: =ROUND(SUM(B84:M84),0) -> 0 | O84: =IF((N84-Budget!C122)<2,IF((N84-Budget!C122)>-2,"Yes","No"),"No") -> Yes
A85: =Budget!A123 -> Total Services and Supplies Expenses | B85: =SUM(B56:B84) -> 8139.5 | C85: =SUM(C56:C84) -> 22130.455 | D85: =SUM(D56:D84) -> 20896.955 | E85: =SUM(E56:E84) -> 21859.455 | F85: =SUM(F56:F84) -> 19929.955 | G85: =SUM(G56:G84) -> 18270.455 | H85: =SUM(H56:H84) -> 21914.455 | I85: =SUM(I56:I84) -> 21847.955 | ... M85: =SUM(M56:M84) -> 8130.9545 | N85: =SUM(B85:M85) -> 224276 | O85: =IF((N85-Budget!C123)<3,IF((N85-Budget!C123)>-3,"Yes","No"),"No") -> Yes
A86: =Budget!A124 -> Facilities
A87: =Budget!A125 -> Rent/Lease/Mortgage | B87: =Budget!C125/12 -> 7732.995 | C87: =B87 -> 7732.995 | D87: =C87 -> 7732.995 | E87: =D87 -> 7732.995 | F87: =E87 -> 7732.995 | G87: =F87 -> 7732.995 | H87: =G87 -> 7732.995 | I87: =H87 -> 7732.995 | J87: =I87 -> 7732.995 | ... M87: =L87 -> 7732.995 | N87: =ROUND(SUM(B87:M87),0) -> 92796 | O87: =IF((N87-Budget!C125)<2,IF((N87-Budget!C125)>-2,"Yes","No"),"No") -> Yes
A88: =Budget!A126 -> Grounds Maintenance | B88: 0 | C88: 0 | D88: 0 | E88: 0 | F88: 0 | G88: 0 | H88: 0 | I88: 0 | J88: 0 | K88: 0 | L88: 0 | M88: 0 | N88: =ROUND(SUM(B88:M88),0) -> 0 | O88: =IF((N88-Budget!C126)<2,IF((N88-Budget!C126)>-2,"Yes","No"),"No") -> Yes
A89: =Budget!A127 -> Facility Maintenance and Repair | B89: 1333.33 | C89: 1333.33 | D89: 1333.33 | E89: 1333.33 | F89: 1333.33 | G89: 1333.33 | H89: 1333.33 | I89: 1333.33 | J89: 1333.33 | K89: 1333.33 | L89: 1333.33 | M89: 1333.33 | N89: =ROUND(SUM(B89:M89),0) -> 16000 | O89: =IF((N89-Budget!C127)<2,IF((N89-Budget!C127)>-2,"Yes","No"),"No") -> Yes
A90: =Budget!A128 -> Utilities | B90: 2500 | C90: 2500 | D90: 2500 | E90: 2500 | F90: 2500 | G90: 2500 | H90: 2500 | I90: 2500 | J90: 2500 | K90: 2500 | L90: 2500 | M90: 2500 | N90: =ROUND(SUM(B90:M90),0) -> 30000 | O90: =IF((N90-Budget!C128)<2,IF((N90-Budget!C128)>-2,"Yes","No"),"No") -> Yes
A91: =Budget!A129 -> Fire and Occupational Safety and Compliance | B91: 0 | C91: 0 | D91: 0 | E91: 0 | F91: 0 | G91: 0 | H91: 0 | I91: 0 | J91: 0 | K91: 0 | L91: 0 | M91: 0 | N91: =ROUND(SUM(B91:M91),0) -> 0 | O91: =IF((N91-Budget!C129)<2,IF((N91-Budget!C129)>-2,"Yes","No"),"No") -> Yes
A92: =Budget!A130 -> 0 | N92: =ROUND(SUM(B92:M92),0) -> 0 | O92: =IF((N92-Budget!C130)<2,IF((N92-Budget!C130)>-2,"Yes","No"),"No") -> Yes
A93: =Budget!A131 -> 0 | N93: =ROUND(SUM(B93:M93),0) -> 0 | O93: =IF((N93-Budget!C131)<2,IF((N93-Budget!C131)>-2,"Yes","No"),"No") -> Yes
A94: =Budget!A132 -> Total Facilities Expenses | B94: =SUM(B87:B93) -> 11566.325 | C94: =SUM(C87:C93) -> 11566.325 | D94: =SUM(D87:D93) -> 11566.325 | E94: =SUM(E87:E93) -> 11566.325 | F94: =SUM(F87:F93) -> 11566.325 | G94: =SUM(G87:G93) -> 11566.325 | H94: =SUM(H87:H93) -> 11566.325 | I94: =SUM(I87:I93) -> 11566.325 | ... M94: =SUM(M87:M93) -> 11566.325 | N94: =ROUND(SUM(B94:M94),0) -> 138796 | O94: =IF((N94-Budget!C132)<3,IF((N94-Budget!C132)>-3,"Yes","No"),"No") -> Yes
A95: TOTAL EXPENSES DISBURSEMENTS | B95: =SUM(B94,B85,B54,B37) -> 77772.517 | C95: =SUM(C94,C85,C54,C37) -> 101265.29 | D95: =SUM(D94,D85,D54,D37) -> 97331.789 | E95: =SUM(E94,E85,E54,E37) -> 93974.289 | F95: =SUM(F94,F85,F54,F37) -> 92969.789 | G95: =SUM(G94,G85,G54,G37) -> 91310.289 | H95: =SUM(H94,H85,H54,H37) -> 94464.289 | I95: =SUM(I94,I85,I54,I37) -> 94247.789 | ... M95: =SUM(M94,M85,M54,M37) -> 80705.789 | N95: =ROUND(SUM(B95:M95),2) -> 1102886.2 | O95: =IF((N95-Budget!C133)<3,IF((N95-Budget!C133)>-3,"Yes","No"),"No") -> Yes
A96: Increase(Decrease) to Operating Cash Balance | B96: =B16-B95 -> 14858.233 | C96: =C16-C95 -> -8634.5394 | D96: =D16-D95 -> -4701.0394 | E96: =E16-E95 -> -1343.5394 | F96: =F16-F95 -> -339.03939 | G96: =G16-G95 -> 1320.4606 | H96: =H16-H95 -> -1833.5394 | I96: =I16-I95 -> -1617.0394 | ... M96: =M16-M95 -> 11924.961 | N96: =SUM(B96:M96) -> 8682.8
A97: Additions to a Contingency Fund (Enter positive amts.) | E97: 0 | N97: =SUM(B97:M97) -> 0 | O97: =IF((N97-Budget!C134)<2,IF((N97-Budget!C134)>-2,"Yes","No"),"No") -> Yes
A98: Transfers Out of the Contingency Fund (Enter positive amts.) | N98: =SUM(B98:M98) -> 0 | O98: =IF((N98-Budget!C135)<2,IF((N98-Budget!C135)>-2,"Yes","No"),"No") -> Yes
A99: Ending Operating Cash Balance | B99: =B96+B4+B98-B97 -> 18258.233 | C99: =C96+C4+C98-C97 -> 9623.6939 | D99: =D96+D4+D98-D97 -> 4922.6545 | E99: =E96+E4+E98-E97 -> 3579.1152 | F99: =F96+F4+F98-F97 -> 3240.0758 | G99: =G96+G4+G98-G97 -> 4560.5364 | H99: =H96+H4+H98-H97 -> 2726.997 | I99: =I96+I4+I98-I97 -> 1109.9576 | ... M99: =M96+M4+M98-M97 -> 12082.8 | N99: =N96+B4+N98-N97 -> 12082.8

Sheet Cash Flow Projection Yr 2
A1: =IF(ISBLANK(+Budget!A2),"",Budget!A2) -> 100% Budget | B1: CASH FLOW PROJECTION YEAR 2
A2: =Budget!A1 -> Liberty Leadership Academy | B2: Jul | C2: Aug | D2: Sep | E2: Oct | F2: Nov | G2: Dec | H2: Jan | I2: Feb | J2: Mar | K2: Apr | L2: May | M2: Jun | N2: Total | O2: Equal to Corresponding Line in Budget tab?
A4: Beginning Operating Cash Balance: | B4: ='Cash Balances'!D5 -> 12083 | C4: =B99 -> 59343.438 | D4: =C99 -> 64403.194 | E4: =D99 -> 85980.451 | F4: =E99 -> 120082.21 | G4: =F99 -> 154761.46 | H4: =G99 -> 189150.22 | I4: =H99 -> 215088.98 | J4: =I99 -> 248498.23 | ... M4: =L99 -> 345588
A5: REVENUES
A6: =+Budget!A43 -> Total State Funding | B6: =Budget!$D$43/12 -> 173258.5 | C6: =Budget!$D$43/12 -> 173258.5 | D6: =Budget!$D$43/12 -> 173258.5 | E6: =Budget!$D$43/12 -> 173258.5 | F6: =Budget!$D$43/12 -> 173258.5 | G6: =Budget!$D$43/12 -> 173258.5 | H6: =Budget!$D$43/12 -> 173258.5 | I6: =Budget!$D$43/12 -> 173258.5 | ... M6: =Budget!$D$43/12 -> 173258.5 | N6: =ROUND(SUM(B6:M6),0) -> 2079102 | O6: =IF((N6-Budget!D43)<2,IF((N6-Budget!D43)>-2,"Yes","No"),"No") -> Yes
A7: =Budget!A45 -> Meal Fees (Recd fr Students) | N7: =ROUND(SUM(B7:M7),0) -> 0 | O7: =IF((N7-Budget!D45)<2,IF((N7-Budget!D45)>-2,"Yes","No"),"No") -> Yes
A8: =Budget!A46 -> 0 | N8: =ROUND(SUM(B8:M8),0) -> 0 | O8: =IF((N8-Budget!D46)<2,IF((N8-Budget!D46)>-2,"Yes","No"),"No") -> Yes
A9: =Budget!A47 -> Donations | N9: =ROUND(SUM(B9:M9),0) -> 0 | O9: =IF((N9-Budget!D47)<2,IF((N9-Budget!D47)>-2,"Yes","No"),"No") -> Yes
A10: =Budget!A48 -> 0 | N10: =ROUND(SUM(B10:M10),0) -> 0 | O10: =IF((N10-Budget!D48)<2,IF((N10-Budget!D48)>-2,"Yes","No"),"No") -> Yes
A11: =Budget!A49 -> 0 | N11: =ROUND(SUM(B11:M11),0) -> 0 | O11: =IF((N11-Budget!D49)<2,IF((N11-Budget!D49)>-2,"Yes","No"),"No") -> Yes
A12: =Budget!A50 -> Grants | N12: =ROUND(SUM(B12:M12),0) -> 0 | O12: =IF((N12-Budget!D50)<2,IF((N12-Budget!D50)>-2,"Yes","No"),"No") -> Yes
A13: =Budget!A51 -> 0 | N13: =ROUND(SUM(B13:M13),0) -> 0 | O13: =IF((N13-Budget!D51)<2,IF((N13-Budget!D51)>-2,"Yes","No"),"No") -> Yes
A14: =Budget!A52 -> 0 | N14: =ROUND(SUM(B14:M14),0) -> 0 | O14: =IF((N14-Budget!D52)<2,IF((N14-Budget!D52)>-2,"Yes","No"),"No") -> Yes
A15: =Budget!A53 -> 0 | N15: =ROUND(SUM(B15:M15),0) -> 0 | O15: =IF((N15-Budget!D53)<2,IF((N15-Budget!D53)>-2,"Yes","No"),"No") -> Yes
A16: TOTAL REVENUE RECEIPTS | B16: =SUM(B6:B15) -> 173258.5 | C16: =SUM(C6:C15) -> 173258.5 | D16: =SUM(D6:D15) -> 173258.5 | E16: =SUM(E6:E15) -> 173258.5 | F16: =SUM(F6:F15) -> 173258.5 | G16: =SUM(G6:G15) -> 173258.5 | H16: =SUM(H6:H15) -> 173258.5 | I16: =SUM(I6:I15) -> 173258.5 | ... M16: =SUM(M6:M15) -> 173258.5 | N16: =ROUND(SUM(B16:M16),2) -> 2079102 | O16: =IF((N16-Budget!D54)<2,IF((N16-Budget!D54)>-2,"Yes","No"),"No") -> Yes
A17: EXPENSES
A18: =Budget!A56 -> Personnel
A19: =Budget!A57 -> Principal | B19: =Budget!D57/12 -> 7431.25 | C19: =B19 -> 7431.25 | D19: =C19 -> 7431.25 | E19: =D19 -> 7431.25 | F19: =E19 -> 7431.25 | G19: =F19 -> 7431.25 | H19: =G19 -> 7431.25 | I19: =H19 -> 7431.25 | J19: =I19 -> 7431.25 | ... M19: =L19 -> 7431.25 | N19: =ROUND(SUM(B19:M19),0) -> 89175 | O19: =IF((N19-Budget!D57)<2,IF((N19-Budget!D57)>-2,"Yes","No"),"No") -> Yes
A20: =Budget!A58 -> Other Administrators (Asst. Principal, Curriculum Director…) | B20: =Budget!D58/12 -> 3004.1667 | C20: =B20 -> 3004.1667 | D20: =C20 -> 3004.1667 | E20: =D20 -> 3004.1667 | F20: =E20 -> 3004.1667 | G20: =F20 -> 3004.1667 | H20: =G20 -> 3004.1667 | I20: =H20 -> 3004.1667 | J20: =I20 -> 3004.1667 | ... M20: =L20 -> 3004.1667 | N20: =ROUND(SUM(B20:M20),0) -> 36050 | O20: =IF((N20-Budget!D58)<2,IF((N20-Budget!D58)>-2,"Yes","No"),"No") -> Yes
A21: =Budget!A59 -> Teachers | B21: =Budget!D59/12 -> 37766.667 | C21: =B21 -> 37766.667 | D21: =C21 -> 37766.667 | E21: =D21 -> 37766.667 | F21: =E21 -> 37766.667 | G21: =F21 -> 37766.667 | H21: =G21 -> 37766.667 | I21: =H21 -> 37766.667 | J21: =I21 -> 37766.667 | ... M21: =L21 -> 37766.667 | N21: =ROUND(SUM(B21:M21),0) -> 453200 | O21: =IF((N21-Budget!D59)<2,IF((N21-Budget!D59)>-2,"Yes","No"),"No") -> Yes
A22: =Budget!A60 -> Arts/PE/Connections Teachers | B22: =Budget!D60/12 -> 6051.25 | C22: =B22 -> 6051.25 | D22: =C22 -> 6051.25 | E22: =D22 -> 6051.25 | F22: =E22 -> 6051.25 | G22: =F22 -> 6051.25 | H22: =G22 -> 6051.25 | I22: =H22 -> 6051.25 | J22: =I22 -> 6051.25 | ... M22: =L22 -> 6051.25 | N22: =ROUND(SUM(B22:M22),0) -> 72615 | O22: =IF((N22-Budget!D60)<2,IF((N22-Budget!D60)>-2,"Yes","No"),"No") -> Yes
A23: =Budget!A61 -> Athletics/Extracurricular Coaches | B23: =Budget!D61/12 -> 0 | C23: =B23 -> 0 | D23: =C23 -> 0 | E23: =D23 -> 0 | F23: =E23 -> 0 | G23: =F23 -> 0 | H23: =G23 -> 0 | I23: =H23 -> 0 | J23: =I23 -> 0 | ... M23: =L23 -> 0 | N23: =ROUND(SUM(B23:M23),0) -> 0 | O23: =IF((N23-Budget!D61)<2,IF((N23-Budget!D61)>-2,"Yes","No"),"No") -> Yes
A24: =Budget!A62 -> Guidance Counselors | B24: =Budget!D62/12 -> 0 | C24: =B24 -> 0 | D24: =C24 -> 0 | E24: =D24 -> 0 | F24: =E24 -> 0 | G24: =F24 -> 0 | H24: =G24 -> 0 | I24: =H24 -> 0 | J24: =I24 -> 0 | ... M24: =L24 -> 0 | N24: =ROUND(SUM(B24:M24),0) -> 0 | O24: =IF((N24-Budget!D62)<2,IF((N24-Budget!D62)>-2,"Yes","No"),"No") -> Yes
A25: =Budget!A63 -> Special Education Personnel | B25: =Budget!D63/12 -> 4806.6667 | C25: =B25 -> 4806.6667 | D25: =C25 -> 4806.6667 | E25: =D25 -> 4806.6667 | F25: =E25 -> 4806.6667 | G25: =F25 -> 4806.6667 | H25: =G25 -> 4806.6667 | I25: =H25 -> 4806.6667 | J25: =I25 -> 4806.6667 | ... M25: =L25 -> 4806.6667 | N25: =ROUND(SUM(B25:M25),0) -> 57680 | O25: =IF((N25-Budget!D63)<2,IF((N25-Budget!D63)>-2,"Yes","No"),"No") -> Yes
A26: =Budget!A64 -> Office Manager | B26: =Budget!D64/12 -> 3776.6667 | C26: =B26 -> 3776.6667 | D26: =C26 -> 3776.6667 | E26: =D26 -> 3776.6667 | F26: =E26 -> 3776.6667 | G26: =F26 -> 3776.6667 | H26: =G26 -> 3776.6667 | I26: =H26 -> 3776.6667 | J26: =I26 -> 3776.6667 | ... M26: =L26 -> 3776.6667 | N26: =ROUND(SUM(B26:M26),0) -> 45320 | O26: =IF((N26-Budget!D64)<2,IF((N26-Budget!D64)>-2,"Yes","No"),"No") -> Yes
A27: =Budget!A65 -> Office Assistant | B27: 0 | C27: =Budget!D65/11 -> 2022.5455 | D27: =C27 -> 2022.5455 | E27: =D27 -> 2022.5455 | F27: =E27 -> 2022.5455 | G27: =F27 -> 2022.5455 | H27: =G27 -> 2022.5455 | I27: =H27 -> 2022.5455 | J27: =I27 -> 2022.5455 | K27: =J27 -> 2022.5455 | ... M27: =L27 -> 2022.5455 | N27: =ROUND(SUM(B27:M27),0) -> 22248 | O27: =IF((N27-Budget!D65)<2,IF((N27-Budget!D65)>-2,"Yes","No"),"No") -> Yes
A28: =Budget!A66 -> Business Manager | B28: 0 | C28: =Budget!D66/11 -> 3558.1818 | D28: =C28 -> 3558.1818 | E28: =D28 -> 3558.1818 | F28: =E28 -> 3558.1818 | G28: =F28 -> 3558.1818 | H28: =G28 -> 3558.1818 | I28: =H28 -> 3558.1818 | J28: =I28 -> 3558.1818 | K28: =J28 -> 3558.1818 | ... M28: =L28 -> 3558.1818 | N28: =ROUND(SUM(B28:M28),0) -> 39140 | O28: =IF((N28-Budget!D66)<2,IF((N28-Budget!D66)>-2,"Yes","No"),"No") -> Yes
A29: =Budget!A67 -> Maintenance Personnel | B29: =Budget!D67/12 -> 0 | C29: =B29 -> 0 | D29: =C29 -> 0 | E29: =D29 -> 0 | F29: =E29 -> 0 | G29: =F29 -> 0 | H29: =G29 -> 0 | I29: =H29 -> 0 | J29: =I29 -> 0 | ... M29: =L29 -> 0 | N29: =ROUND(SUM(B29:M29),0) -> 0 | O29: =IF((N29-Budget!D67)<2,IF((N29-Budget!D67)>-2,"Yes","No"),"No") -> Yes
A30: =Budget!A68 -> Food Service Personnel | B30: 0 | C30: =Budget!D68/11 -> 90.909091 | D30: =C30 -> 90.909091 | E30: =D30 -> 90.909091 | F30: =E30 -> 90.909091 | G30: =F30 -> 90.909091 | H30: =G30 -> 90.909091 | I30: =H30 -> 90.909091 | J30: =I30 -> 90.909091 | K30: =J30 -> 90.909091 | ... M30: =L30 -> 90.909091 | N30: =ROUND(SUM(B30:M30),0) -> 1000 | O30: =IF((N30-Budget!D68)<2,IF((N30-Budget!D68)>-2,"Yes","No"),"No") -> Yes
A31: =Budget!A69 -> Retirement Benefits - Membership in TRS is required for teachers. (FY23 rate=19.98%, recent yrs have been in this range) | B31: =Budget!D69/12 -> 9715.1917 | C31: =B31 -> 9715.1917 | D31: =C31 -> 9715.1917 | E31: =D31 -> 9715.1917 | F31: =E31 -> 9715.1917 | G31: =F31 -> 9715.1917 | H31: =G31 -> 9715.1917 | I31: =H31 -> 9715.1917 | J31: =I31 -> 9715.1917 | ... M31: =L31 -> 9715.1917 | N31: =ROUND(SUM(B31:M31),0) -> 116582 | O31: =IF((N31-Budget!D69)<2,IF((N31-Budget!D69)>-2,"Yes","No"),"No") -> Yes
A32: =Budget!A70 -> Health Benefits | B32: =Budget!D70/12 -> 5958.3333 | C32: =B32 -> 5958.3333 | D32: =C32 -> 5958.3333 | E32: =D32 -> 5958.3333 | F32: =E32 -> 5958.3333 | G32: =F32 -> 5958.3333 | H32: =G32 -> 5958.3333 | I32: =H32 -> 5958.3333 | J32: =I32 -> 5958.3333 | ... M32: =L32 -> 5958.3333 | N32: =ROUND(SUM(B32:M32),0) -> 71500 | O32: =IF((N32-Budget!D70)<2,IF((N32-Budget!D70)>-2,"Yes","No"),"No") -> Yes
A33: =Budget!A71 -> FICA (OASDI 6.2%, HI 1.45%) | B33: =Budget!D71/12 -> 5198.3535 | C33: =B33 -> 5198.3535 | D33: =C33 -> 5198.3535 | E33: =D33 -> 5198.3535 | F33: =E33 -> 5198.3535 | G33: =F33 -> 5198.3535 | H33: =G33 -> 5198.3535 | I33: =H33 -> 5198.3535 | J33: =I33 -> 5198.3535 | ... M33: =L33 -> 5198.3535 | N33: =ROUND(SUM(B33:M33),0) -> 62380 | O33: =IF((N33-Budget!D71)<2,IF((N33-Budget!D71)>-2,"Yes","No"),"No") -> Yes
A34: =Budget!A72 -> Other Payroll Expenses/Taxes | B34: =Budget!D72/12 -> 0 | C34: =B34 -> 0 | D34: =C34 -> 0 | E34: =D34 -> 0 | F34: =E34 -> 0 | G34: =F34 -> 0 | H34: =G34 -> 0 | I34: =H34 -> 0 | J34: =I34 -> 0 | ... M34: =L34 -> 0 | N34: =ROUND(SUM(B34:M34),0) -> 0 | O34: =IF((N34-Budget!D72)<2,IF((N34-Budget!D72)>-2,"Yes","No"),"No") -> Yes
A35: =Budget!A73 -> Endorsement/Incentive Increases | B35: =Budget!D73/12 -> 0 | C35: =B35 -> 0 | D35: =C35 -> 0 | E35: =D35 -> 0 | F35: =E35 -> 0 | G35: =F35 -> 0 | H35: =G35 -> 0 | I35: =H35 -> 0 | J35: =I35 -> 0 | ... M35: =L35 -> 0 | N35: =ROUND(SUM(B35:M35),0) -> 0 | O35: =IF((N35-Budget!D73)<2,IF((N35-Budget!D73)>-2,"Yes","No"),"No") -> Yes
A36: =Budget!A74 -> 0 | N36: =ROUND(SUM(B36:M36),0) -> 0 | O36: =IF((N36-Budget!D74)<2,IF((N36-Budget!D74)>-2,"Yes","No"),"No") -> Yes
A37: =Budget!A75 -> Total Personnel Expenses | B37: =SUM(B19:B36) -> 83708.545 | C37: =SUM(C19:C36) -> 89380.182 | D37: =SUM(D19:D36) -> 89380.182 | E37: =SUM(E19:E36) -> 89380.182 | F37: =SUM(F19:F36) -> 89380.182 | G37: =SUM(G19:G36) -> 89380.182 | H37: =SUM(H19:H36) -> 89380.182 | I37: =SUM(I19:I36) -> 89380.182 | ... M37: =SUM(M19:M36) -> 89380.182 | N37: =ROUND(SUM(B37:M37),0) -> 1066891 | O37: =IF((N37-Budget!D75)<3,IF((N37-Budget!D75)>-3,"Yes","No"),"No") -> Yes
A38: =Budget!A76 -> Instructional
A39: =Budget!A77 -> Textbooks | B39: 1440 | C39: 1440 | D39: 0 | E39: 0 | F39: 0 | G39: 0 | H39: 720 | I39: 0 | J39: 0 | K39: 0 | L39: 720 | M39: 0 | N39: =ROUND(SUM(B39:M39),0) -> 4320 | O39: =IF((N39-Budget!D77)<2,IF((N39-Budget!D77)>-2,"Yes","No"),"No") -> Yes
A40: =Budget!A78 -> Classroom Supplies | B40: 450 | C40: 5300 | D40: 450 | E40: 450 | F40: 450 | G40: 450 | H40: 450 | I40: 450 | J40: 450 | K40: 450 | L40: 450 | M40: 1000 | N40: =ROUND(SUM(B40:M40),0) -> 10800 | O40: =IF((N40-Budget!D78)<2,IF((N40-Budget!D78)>-2,"Yes","No"),"No") -> Yes
A41: =Budget!A79 -> Computers | B41: 8640 | C41: 8640 | D41: 8640 | E41: 0 | F41: 0 | G41: 0 | H41: 0 | I41: 0 | J41: 0 | K41: 0 | L41: 0 | M41: 0 | N41: =ROUND(SUM(B41:M41),0) -> 25920 | O41: =IF((N41-Budget!D79)<2,IF((N41-Budget!D79)>-2,"Yes","No"),"No") -> Yes
A42: =Budget!A80 -> Software | B42: 0 | C42: 3240 | D42: 0 | E42: 0 | F42: 0 | G42: 0 | H42: 0 | I42: 0 | J42: 0 | K42: 0 | L42: 0 | M42: 0 | N42: =ROUND(SUM(B42:M42),0) -> 3240 | O42: =IF((N42-Budget!D80)<2,IF((N42-Budget!D80)>-2,"Yes","No"),"No") -> Yes
A43: =Budget!A81 -> Field Trips | B43: 0 | C43: 0 | D43: 0 | E43: 0 | F43: 0 | G43: 0 | H43: 0 | I43: 0 | J43: 0 | K43: 1500 | L43: 1500 | M43: 0 | N43: =ROUND(SUM(B43:M43),0) -> 3000 | O43: =IF((N43-Budget!D81)<2,IF((N43-Budget!D81)>-2,"Yes","No"),"No") -> Yes
A44: =Budget!A82 -> Instructional Equipment | B44: 1620 | C44: 1620 | H44: 1620 | M44: 1620 | N44: =ROUND(SUM(B44:M44),0) -> 6480 | O44: =IF((N44-Budget!D82)<2,IF((N44-Budget!D82)>-2,"Yes","No"),"No") -> Yes
A45: =Budget!A83 -> Library and Media Center | B45: 1250 | C45: 1250 | D45: 0 | E45: 0 | F45: 0 | G45: 0 | H45: 0 | I45: 0 | J45: 0 | K45: 0 | L45: 0 | M45: 0 | N45: =ROUND(SUM(B45:M45),0) -> 2500 | O45: =IF((N45-Budget!D83)<2,IF((N45-Budget!D83)>-2,"Yes","No"),"No") -> Yes
A46: =Budget!A84 -> Student Assessment | B46: 2160 | C46: =B46 -> 2160 | D46: 0 | E46: 0 | F46: 0 | G46: 0 | H46: 0 | I46: 0 | J46: 0 | K46: 0 | L46: 0 | M46: 0 | N46: =ROUND(SUM(B46:M46),0) -> 4320 | O46: =IF((N46-Budget!D84)<2,IF((N46-Budget!D84)>-2,"Yes","No"),"No") -> Yes
A47: =Budget!A85 -> Classroom Furniture | B47: =Budget!D85/12 -> 4166.6667 | C47: =B47 -> 4166.6667 | D47: =C47 -> 4166.6667 | E47: =D47 -> 4166.6667 | F47: =E47 -> 4166.6667 | G47: =F47 -> 4166.6667 | H47: =G47 -> 4166.6667 | I47: =H47 -> 4166.6667 | J47: =I47 -> 4166.6667 | ... M47: =L47 -> 4166.6667 | N47: =ROUND(SUM(B47:M47),0) -> 50000 | O47: =IF((N47-Budget!D85)<2,IF((N47-Budget!D85)>-2,"Yes","No"),"No") -> Yes
A48: =Budget!A86 -> PE Equipment | B48: 0 | C48: 0 | D48: 764 | E48: 0 | F48: 0 | G48: 0 | H48: 0 | I48: 0 | J48: 0 | K48: 0 | L48: 0 | M48: 0 | N48: =ROUND(SUM(B48:M48),0) -> 764 | O48: =IF((N48-Budget!D86)<2,IF((N48-Budget!D86)>-2,"Yes","No"),"No") -> Yes
A49: =Budget!A87 -> Art Supplies | B49: 0 | C49: 1080 | D49: 0 | E49: 0 | F49: 0 | G49: 0 | H49: 0 | I49: 0 | J49: 0 | K49: 0 | L49: 0 | M49: 0 | N49: =ROUND(SUM(B49:M49),0) -> 1080 | O49: =IF((N49-Budget!D87)<2,IF((N49-Budget!D87)>-2,"Yes","No"),"No") -> Yes
A50: =Budget!A88 -> Accreditation Fees | B50: 0 | C50: 0 | D50: 0 | E50: 0 | F50: 0 | G50: 0 | H50: 0 | I50: 0 | J50: 0 | K50: 0 | L50: 0 | M50: 100 | N50: =ROUND(SUM(B50:M50),0) -> 100 | O50: =IF((N50-Budget!D88)<2,IF((N50-Budget!D88)>-2,"Yes","No"),"No") -> Yes
A51: =Budget!A89 -> 0 | N51: =ROUND(SUM(B51:M51),0) -> 0 | O51: =IF((N51-Budget!D89)<2,IF((N51-Budget!D89)>-2,"Yes","No"),"No") -> Yes
A52: =Budget!A90 -> 0 | N52: =ROUND(SUM(B52:M52),0) -> 0 | O52: =IF((N52-Budget!D90)<2,IF((N52-Budget!D90)>-2,"Yes","No"),"No") -> Yes
A53: =Budget!A91 -> 0 | N53: =ROUND(SUM(B53:M53),0) -> 0 | O53: =IF((N53-Budget!D91)<2,IF((N53-Budget!D91)>-2,"Yes","No"),"No") -> Yes
A54: =Budget!A92 -> Total Instructional Expenses | B54: =SUM(B39:B53) -> 19726.667 | C54: =SUM(C39:C53) -> 28896.667 | D54: =SUM(D39:D53) -> 14020.667 | E54: =SUM(E39:E53) -> 4616.6667 | F54: =SUM(F39:F53) -> 4616.6667 | G54: =SUM(G39:G53) -> 4616.6667 | H54: =SUM(H39:H53) -> 6956.6667 | I54: =SUM(I39:I53) -> 4616.6667 | ... M54: =SUM(M39:M53) -> 6886.6667 | N54: =SUM(B54:M54) -> 112524 | O54: =IF((N54-Budget!D92)<3,IF((N54-Budget!D92)>-3,"Yes","No"),"No") -> Yes
A55: =Budget!A93 -> Services and Supplies
A56: =Budget!A94 -> Student Uniforms | B56: 0 | C56: 0 | D56: 0 | E56: 0 | F56: 0 | G56: 0 | H56: 0 | I56: 0 | J56: 0 | K56: 0 | L56: 0 | M56: 0 | N56: =ROUND(SUM(B56:M56),0) -> 0 | O56: =IF((N56-Budget!D94)<2,IF((N56-Budget!D94)>-2,"Yes","No"),"No") -> Yes
A57: =Budget!A95 -> Athletic Program | B57: 0 | C57: 0 | D57: 0 | E57: 0 | F57: 0 | G57: 0 | H57: 0 | I57: 0 | J57: 0 | K57: 0 | L57: 0 | M57: 0 | N57: =ROUND(SUM(B57:M57),0) -> 0 | O57: =IF((N57-Budget!D95)<2,IF((N57-Budget!D95)>-2,"Yes","No"),"No") -> Yes
A58: =Budget!A96 -> Office Supplies | B58: 0 | C58: 2160 | D58: 0 | E58: 0 | F58: 0 | G58: 0 | H58: 2160 | I58: 0 | J58: 0 | K58: 0 | L58: 0 | N58: =ROUND(SUM(B58:M58),0) -> 4320 | O58: =IF((N58-Budget!D96)<2,IF((N58-Budget!D96)>-2,"Yes","No"),"No") -> Yes
A59: =Budget!A97 -> Office Furniture | B59: 250 | C59: 250 | D59: 0 | E59: 0 | F59: 0 | G59: 0 | H59: 0 | I59: 0 | J59: 0 | K59: 0 | L59: 0 | M59: 0 | N59: =ROUND(SUM(B59:M59),0) -> 500 | O59: =IF((N59-Budget!D97)<2,IF((N59-Budget!D97)>-2,"Yes","No"),"No") -> Yes
A60: =Budget!A98 -> Office Computers and Software | B60: 250 | C60: 0 | D60: 0 | E60: 0 | F60: 0 | G60: 0 | H60: 0 | I60: 0 | J60: 0 | K60: 0 | L60: 250 | M60: 0 | N60: =ROUND(SUM(B60:M60),0) -> 500 | O60: =IF((N60-Budget!D98)<2,IF((N60-Budget!D98)>-2,"Yes","No"),"No") -> Yes
A61: =Budget!A99 -> Printing and Copying Services | B61: =Budget!D99/12 -> 900 | C61: =B61 -> 900 | D61: =C61 -> 900 | E61: =D61 -> 900 | F61: =E61 -> 900 | G61: =F61 -> 900 | H61: =G61 -> 900 | I61: =H61 -> 900 | J61: =I61 -> 900 | ... M61: =L61 -> 900 | N61: =ROUND(SUM(B61:M61),0) -> 10800 | O61: =IF((N61-Budget!D99)<2,IF((N61-Budget!D99)>-2,"Yes","No"),"No") -> Yes
A62: =Budget!A100 -> Postage and Shipping | B62: 0 | C62: 66 | D62: 66 | E62: 66 | F62: 66 | G62: 66 | H62: 66 | I62: 66 | J62: 66 | K62: 66 | L62: 64 | M62: 0 | N62: =ROUND(SUM(B62:M62),0) -> 658 | O62: =IF((N62-Budget!D100)<2,IF((N62-Budget!D100)>-2,"Yes","No"),"No") -> Yes
A63: =Budget!A101 -> Bookkeeping | B63: =Budget!D101/12 -> 0 | C63: =B63 -> 0 | D63: =C63 -> 0 | E63: =D63 -> 0 | F63: =E63 -> 0 | G63: =F63 -> 0 | H63: =G63 -> 0 | I63: =H63 -> 0 | J63: =I63 -> 0 | ... M63: =L63 -> 0 | N63: =ROUND(SUM(B63:M63),0) -> 0 | O63: =IF((N63-Budget!D101)<2,IF((N63-Budget!D101)>-2,"Yes","No"),"No") -> Yes
A64: =Budget!A102 -> Audit Fees | B64: =Budget!D102/12 -> 0 | C64: =B64 -> 0 | D64: =C64 -> 0 | E64: =D64 -> 0 | F64: =E64 -> 0 | G64: =F64 -> 0 | H64: =G64 -> 0 | I64: =H64 -> 0 | J64: =I64 -> 0 | ... M64: =L64 -> 0 | N64: =ROUND(SUM(B64:M64),0) -> 0 | O64: =IF((N64-Budget!D102)<2,IF((N64-Budget!D102)>-2,"Yes","No"),"No") -> Yes
A65: =Budget!A103 -> Payroll Services | B65: =Budget!D103/12 -> 900 | C65: =B65 -> 900 | D65: =C65 -> 900 | E65: =D65 -> 900 | F65: =E65 -> 900 | G65: =F65 -> 900 | H65: =G65 -> 900 | I65: =H65 -> 900 | J65: =I65 -> 900 | ... M65: =L65 -> 900 | N65: =ROUND(SUM(B65:M65),0) -> 10800 | O65: =IF((N65-Budget!D103)<2,IF((N65-Budget!D103)>-2,"Yes","No"),"No") -> Yes
A66: =Budget!A104 -> Banking Fees | B66: =Budget!D104/12 -> 0 | C66: =B66 -> 0 | D66: =C66 -> 0 | E66: =D66 -> 0 | F66: =E66 -> 0 | G66: =F66 -> 0 | H66: =G66 -> 0 | I66: =H66 -> 0 | J66: =I66 -> 0 | ... M66: =L66 -> 0 | N66: =ROUND(SUM(B66:M66),0) -> 0 | O66: =IF((N66-Budget!D104)<2,IF((N66-Budget!D104)>-2,"Yes","No"),"No") -> Yes
A67: =Budget!A105 -> Legal Fees | B67: =Budget!D105/12 -> 104.16667 | C67: =B67 -> 104.16667 | D67: =C67 -> 104.16667 | E67: =D67 -> 104.16667 | F67: =E67 -> 104.16667 | G67: =F67 -> 104.16667 | H67: =G67 -> 104.16667 | I67: =H67 -> 104.16667 | J67: =I67 -> 104.16667 | ... M67: =L67 -> 104.16667 | N67: =ROUND(SUM(B67:M67),0) -> 1250 | O67: =IF((N67-Budget!D105)<2,IF((N67-Budget!D105)>-2,"Yes","No"),"No") -> Yes
A68: =Budget!A106 -> Liability and Property Insurance | B68: 0 | C68: =Budget!D106/11 -> 1267.2727 | D68: =C68 -> 1267.2727 | E68: =D68 -> 1267.2727 | F68: =E68 -> 1267.2727 | G68: =F68 -> 1267.2727 | H68: =G68 -> 1267.2727 | I68: =H68 -> 1267.2727 | J68: =I68 -> 1267.2727 | K68: =J68 -> 1267.2727 | ... M68: =L68 -> 1267.2727 | N68: =ROUND(SUM(B68:M68),0) -> 13940 | O68: =IF((N68-Budget!D106)<2,IF((N68-Budget!D106)>-2,"Yes","No"),"No") -> Yes
A69: =Budget!A107 -> Staff Development | B69: 1000 | C69: 200 | D69: 200 | E69: 200 | F69: 200 | G69: 200 | H69: 550 | I69: 200 | J69: 200 | K69: 200 | L69: 200 | M69: 550 | N69: =ROUND(SUM(B69:M69),0) -> 3900 | O69: =IF((N69-Budget!D107)<2,IF((N69-Budget!D107)>-2,"Yes","No"),"No") -> Yes
A70: =Budget!A108 -> Special Education Contracted Services | B70: 0 | C70: 2624 | D70: 4500 | E70: 1822 | F70: 1822 | G70: 2500 | H70: 4500 | I70: 1822 | J70: 1822 | K70: 1822 | L70: 1822 | M70: 0 | N70: =ROUND(SUM(B70:M70),0) -> 25056 | O70: =IF((N70-Budget!D108)<2,IF((N70-Budget!D108)>-2,"Yes","No"),"No") -> Yes
A71: =Budget!A109 -> Health Services and Supplies | B71: 0 | C71: =Budget!D109/11 -> 1767.2727 | D71: =C71 -> 1767.2727 | E71: =D71 -> 1767.2727 | F71: =E71 -> 1767.2727 | G71: =F71 -> 1767.2727 | H71: =G71 -> 1767.2727 | I71: =H71 -> 1767.2727 | J71: =I71 -> 1767.2727 | K71: =J71 -> 1767.2727 | ... M71: =L71 -> 1767.2727 | N71: =ROUND(SUM(B71:M71),0) -> 19440 | O71: =IF((N71-Budget!D109)<2,IF((N71-Budget!D109)>-2,"Yes","No"),"No") -> Yes
A72: =Budget!A110 -> Staff Recruitment | B72: 500 | C72: 500 | D72: 0 | E72: 0 | F72: 0 | G72: 0 | H72: 0 | I72: 500 | J72: 250 | K72: 0 | L72: 250 | M72: 0 | N72: =ROUND(SUM(B72:M72),0) -> 2000 | O72: =IF((N72-Budget!D110)<2,IF((N72-Budget!D110)>-2,"Yes","No"),"No") -> Yes
A73: =Budget!A111 -> Student Recruitment | B73: 575 | C73: 300 | G73: 575 | J73: 575 | M73: 200 | N73: =ROUND(SUM(B73:M73),0) -> 2225 | O73: =IF((N73-Budget!D111)<2,IF((N73-Budget!D111)>-2,"Yes","No"),"No") -> Yes
A74: =Budget!A112 -> Technology Support | B74: =Budget!D112/12 -> 432 | C74: =B74 -> 432 | D74: =C74 -> 432 | E74: =D74 -> 432 | F74: =E74 -> 432 | G74: =F74 -> 432 | H74: =G74 -> 432 | I74: =H74 -> 432 | J74: =I74 -> 432 | ... M74: =L74 -> 432 | N74: =ROUND(SUM(B74:M74),0) -> 5184 | O74: =IF((N74-Budget!D112)<2,IF((N74-Budget!D112)>-2,"Yes","No"),"No") -> Yes
A75: =Budget!A113 -> Phone/Internet Service | B75: =Budget!D113/12 -> 76.5 | C75: =B75 -> 76.5 | D75: =C75 -> 76.5 | E75: =D75 -> 76.5 | F75: =E75 -> 76.5 | G75: =F75 -> 76.5 | H75: =G75 -> 76.5 | I75: =H75 -> 76.5 | J75: =I75 -> 76.5 | ... M75: =L75 -> 76.5 | N75: =ROUND(SUM(B75:M75),0) -> 918 | O75: =IF((N75-Budget!D113)<2,IF((N75-Budget!D113)>-2,"Yes","No"),"No") -> Yes
A76: =Budget!A114 -> Food Service | B76: 0 | C76: =Budget!D114/10 -> 21384 | D76: =C76 -> 21384 | E76: =D76 -> 21384 | F76: =E76 -> 21384 | G76: =F76 -> 21384 | H76: =G76 -> 21384 | I76: =H76 -> 21384 | J76: =I76 -> 21384 | K76: =J76 -> 21384 | L76: =K76 -> 21384 | M76: 0 | N76: =ROUND(SUM(B76:M76),0) -> 213840 | O76: =IF((N76-Budget!D114)<2,IF((N76-Budget!D114)>-2,"Yes","No"),"No") -> Yes
A77: =Budget!A115 -> Transportation | B77: 0 | C77: =192.5*19 -> 3657.5 | D77: =192.5*20 -> 3850 | E77: =192.5*19 -> 3657.5 | F77: =192.5*16 -> 3080 | G77: =192.5*11 -> 2117.5 | H77: =192.5*21 -> 4042.5 | I77: =192.5*20 -> 3850 | J77: =192.5*19 -> 3657.5 | K77: =192.5*17 -> 3272.5 | L77: =192.5*18 -> 3465 | M77: 0 | N77: =ROUND(SUM(B77:M77),0) -> 34650 | O77: =IF((N77-Budget!D115)<2,IF((N77-Budget!D115)>-2,"Yes","No"),"No") -> Yes
A78: =Budget!A116 -> Pest Control | B78: =Budget!D116/12 -> 12.5 | C78: =B78 -> 12.5 | D78: =C78 -> 12.5 | E78: =D78 -> 12.5 | F78: =E78 -> 12.5 | G78: =F78 -> 12.5 | H78: =G78 -> 12.5 | I78: =H78 -> 12.5 | J78: =I78 -> 12.5 | ... M78: =L78 -> 12.5 | N78: =ROUND(SUM(B78:M78),0) -> 150 | O78: =IF((N78-Budget!D116)<2,IF((N78-Budget!D116)>-2,"Yes","No"),"No") -> Yes
A79: =Budget!A117 -> Janitorial Supplies and Services | B79: =Budget!D117/12 -> 426.66667 | C79: =B79 -> 426.66667 | D79: =C79 -> 426.66667 | E79: =D79 -> 426.66667 | F79: =E79 -> 426.66667 | G79: =F79 -> 426.66667 | H79: =G79 -> 426.66667 | I79: =H79 -> 426.66667 | J79: =I79 -> 426.66667 | ... M79: =L79 -> 426.66667 | N79: =ROUND(SUM(B79:M79),0) -> 5120 | O79: =IF((N79-Budget!D117)<2,IF((N79-Budget!D117)>-2,"Yes","No"),"No") -> Yes
A80: =Budget!A118 -> Waste Disposal | B80: =Budget!D118/12 -> 67 | C80: =B80 -> 67 | D80: =C80 -> 67 | E80: =D80 -> 67 | F80: =E80 -> 67 | G80: =F80 -> 67 | H80: =G80 -> 67 | I80: =H80 -> 67 | J80: =I80 -> 67 | ... M80: =L80 -> 67 | N80: =ROUND(SUM(B80:M80),0) -> 804 | O80: =IF((N80-Budget!D118)<2,IF((N80-Budget!D118)>-2,"Yes","No"),"No") -> Yes
A81: =Budget!A119 -> Marketing | B81: 5242 | C81: 1000 | D81: 500 | E81: 250 | F81: 250 | G81: 250 | H81: 500 | I81: 250 | J81: 250 | K81: 250 | L81: 1000 | M81: 5000 | N81: =ROUND(SUM(B81:M81),0) -> 14742 | O81: =IF((N81-Budget!D119)<2,IF((N81-Budget!D119)>-2,"Yes","No"),"No") -> Yes
A82: =Budget!A120 -> EMO (Educational Mgt Organization)/CMO (Charter Mgt. Organization) Fees | B82: =Budget!D120/12 -> 0 | C82: =B82 -> 0 | D82: =C82 -> 0 | E82: =D82 -> 0 | F82: =E82 -> 0 | G82: =F82 -> 0 | H82: =G82 -> 0 | I82: =H82 -> 0 | J82: =I82 -> 0 | ... M82: =L82 -> 0 | N82: =ROUND(SUM(B82:M82),0) -> 0 | O82: =IF((N82-Budget!D120)<2,IF((N82-Budget!D120)>-2,"Yes","No"),"No") -> Yes
A83: =Budget!A121 -> 0 | N83: =ROUND(SUM(B83:M83),0) -> 0 | O83: =IF((N83-Budget!D121)<2,IF((N83-Budget!D121)>-2,"Yes","No"),"No") -> Yes
A84: =Budget!A122 -> 0 | N84: =ROUND(SUM(B84:M84),0) -> 0 | O84: =IF((N84-Budget!D122)<2,IF((N84-Budget!D122)>-2,"Yes","No"),"No") -> Yes
A85: =Budget!A123 -> Total Services and Supplies Expenses | B85: =SUM(B56:B84) -> 10735.833 | C85: =SUM(C56:C84) -> 38094.879 | D85: =SUM(D56:D84) -> 36453.379 | E85: =SUM(E56:E84) -> 33332.879 | F85: =SUM(F56:F84) -> 32755.379 | G85: =SUM(G56:G84) -> 33045.879 | H85: =SUM(H56:H84) -> 39155.879 | I85: =SUM(I56:I84) -> 34025.379 | ... M85: =SUM(M56:M84) -> 11703.379 | N85: =SUM(B85:M85) -> 370797 | O85: =IF((N85-Budget!D123)<3,IF((N85-Budget!D123)>-3,"Yes","No"),"No") -> Yes
A86: =Budget!A124 -> Facilities
A87: =Budget!A125 -> Rent/Lease/Mortgage | B87: =Budget!D125/12 -> 7993.6833 | C87: =B87 -> 7993.6833 | D87: =C87 -> 7993.6833 | E87: =D87 -> 7993.6833 | F87: =E87 -> 7993.6833 | G87: =F87 -> 7993.6833 | H87: =G87 -> 7993.6833 | I87: =H87 -> 7993.6833 | J87: =I87 -> 7993.6833 | ... M87: =L87 -> 7993.6833 | N87: =ROUND(SUM(B87:M87),0) -> 95924 | O87: =IF((N87-Budget!D125)<2,IF((N87-Budget!D125)>-2,"Yes","No"),"No") -> Yes
A88: =Budget!A126 -> Grounds Maintenance | B88: =Budget!D126/12 -> 0 | C88: =B88 -> 0 | D88: =C88 -> 0 | E88: =D88 -> 0 | F88: =E88 -> 0 | G88: =F88 -> 0 | H88: =G88 -> 0 | I88: =H88 -> 0 | J88: =I88 -> 0 | ... M88: =L88 -> 0 | N88: =ROUND(SUM(B88:M88),0) -> 0 | O88: =IF((N88-Budget!D126)<2,IF((N88-Budget!D126)>-2,"Yes","No"),"No") -> Yes
A89: =Budget!A127 -> Facility Maintenance and Repair | B89: =Budget!D127/12 -> 1333.3333 | C89: =B89 -> 1333.3333 | D89: =C89 -> 1333.3333 | E89: =D89 -> 1333.3333 | F89: =E89 -> 1333.3333 | G89: =F89 -> 1333.3333 | H89: =G89 -> 1333.3333 | I89: =H89 -> 1333.3333 | J89: =I89 -> 1333.3333 | ... M89: =L89 -> 1333.3333 | N89: =ROUND(SUM(B89:M89),0) -> 16000 | O89: =IF((N89-Budget!D127)<2,IF((N89-Budget!D127)>-2,"Yes","No"),"No") -> Yes
A90: =Budget!A128 -> Utilities | B90: =Budget!D128/12 -> 2500 | C90: =B90 -> 2500 | D90: =C90 -> 2500 | E90: =D90 -> 2500 | F90: =E90 -> 2500 | G90: =F90 -> 2500 | H90: =G90 -> 2500 | I90: =H90 -> 2500 | J90: =I90 -> 2500 | ... M90: =L90 -> 2500 | N90: =ROUND(SUM(B90:M90),0) -> 30000 | O90: =IF((N90-Budget!D128)<2,IF((N90-Budget!D128)>-2,"Yes","No"),"No") -> Yes
A91: =Budget!A129 -> Fire and Occupational Safety and Compliance | B91: =Budget!D129/12 -> 0 | C91: =B91 -> 0 | D91: =C91 -> 0 | E91: =D91 -> 0 | F91: =E91 -> 0 | G91: =F91 -> 0 | H91: =G91 -> 0 | I91: =H91 -> 0 | J91: =I91 -> 0 | ... M91: =L91 -> 0 | N91: =ROUND(SUM(B91:M91),0) -> 0 | O91: =IF((N91-Budget!D129)<2,IF((N91-Budget!D129)>-2,"Yes","No"),"No") -> Yes
A92: =Budget!A130 -> 0 | N92: =ROUND(SUM(B92:M92),0) -> 0 | O92: =IF((N92-Budget!D130)<2,IF((N92-Budget!D130)>-2,"Yes","No"),"No") -> Yes
A93: =Budget!A131 -> 0 | N93: =ROUND(SUM(B93:M93),0) -> 0 | O93: =IF((N93-Budget!D131)<2,IF((N93-Budget!D131)>-2,"Yes","No"),"No") -> Yes
A94: =Budget!A132 -> Total Facilities Expenses | B94: =SUM(B87:B93) -> 11827.017 | C94: =SUM(C87:C93) -> 11827.017 | D94: =SUM(D87:D93) -> 11827.017 | E94: =SUM(E87:E93) -> 11827.017 | F94: =SUM(F87:F93) -> 11827.017 | G94: =SUM(G87:G93) -> 11827.017 | H94: =SUM(H87:H93) -> 11827.017 | I94: =SUM(I87:I93) -> 11827.017 | ... M94: =SUM(M87:M93) -> 11827.017 | N94: =ROUND(SUM(B94:M94),0) -> 141924 | O94: =IF((N94-Budget!D132)<3,IF((N94-Budget!D132)>-3,"Yes","No"),"No") -> Yes
A95: TOTAL EXPENSES DISBURSEMENTS | B95: =SUM(B94,B85,B54,B37) -> 125998.06 | C95: =SUM(C94,C85,C54,C37) -> 168198.74 | D95: =SUM(D94,D85,D54,D37) -> 151681.24 | E95: =SUM(E94,E85,E54,E37) -> 139156.74 | F95: =SUM(F94,F85,F54,F37) -> 138579.24 | G95: =SUM(G94,G85,G54,G37) -> 138869.74 | H95: =SUM(H94,H85,H54,H37) -> 147319.74 | I95: =SUM(I94,I85,I54,I37) -> 139849.24 | ... M95: =SUM(M94,M85,M54,M37) -> 119797.24 | N95: =ROUND(SUM(B95:M95),2) -> 1692135.7 | O95: =IF((N95-Budget!D133)<3,IF((N95-Budget!D133)>-3,"Yes","No"),"No") -> Yes
A96: Increase(Decrease) to Operating Cash Balance | B96: =B16-B95 -> 47260.438 | C96: =C16-C95 -> 5059.7563 | D96: =D16-D95 -> 21577.256 | E96: =E16-E95 -> 34101.756 | F96: =F16-F95 -> 34679.256 | G96: =G16-G95 -> 34388.756 | H96: =H16-H95 -> 25938.756 | I96: =I16-I95 -> 33409.256 | ... M96: =M16-M95 -> 53461.256 | N96: =SUM(B96:M96) -> 386966.26
A97: Additions to a Contingency Fund (Enter positive amts.) | N97: =SUM(B97:M97) -> 0 | O97: =IF((N97-Budget!D134)<2,IF((N97-Budget!D134)>-2,"Yes","No"),"No") -> Yes
A98: Transfers Out of the Contingency Fund (Enter positive amts.) | N98: =SUM(B98:M98) -> 0 | O98: =IF((N98-Budget!D135)<2,IF((N98-Budget!D135)>-2,"Yes","No"),"No") -> Yes
A99: Ending Operating Cash Balance | B99: =B96+B4+B98-B97 -> 59343.438 | C99: =C96+C4+C98-C97 -> 64403.194 | D99: =D96+D4+D98-D97 -> 85980.451 | E99: =E96+E4+E98-E97 -> 120082.21 | F99: =F96+F4+F98-F97 -> 154761.46 | G99: =G96+G4+G98-G97 -> 189150.22 | H99: =H96+H4+H98-H97 -> 215088.98 | I99: =I96+I4+I98-I97 -> 248498.23 | ... M99: =M96+M4+M98-M97 -> 399049.26 | N99: =N96+B4+N98-N97 -> 399049.26
